 Dungeon Crawl Stone Soup version 0.30.0-20-g3615ddf2f0 (webtiles) character file.

Game seed: 16787349865689017401

612428 qw the Conqueror (level 27, -4/179 HPs)
             Began as a Gargoyle Fighter on May 29, 2023.
             Was a Believer of Okawaru.
             Slain by a death scarab (9 damage)
             ... summoned by a royal mummy
             ... on level 2 of the Tomb of the Ancients.
             The game lasted 00:44:38 (61867 turns).

qw the Conqueror (Gargoyle Fighter)                Turns: 61867, Time: 00:44:39

Health: -4/179     AC: 62    Str: 32      XL:     27
Magic:  28/28      EV: 26    Int:  7 (8)  God:    Okawaru [**....]
Gold:   3411       SH: 33    Dex:  6 (11) Spells: 26/26 levels left

rFire   . . .        j - +9 broad axe (vamp)
rCold   . . .        G - +2 tower shield
rNeg    + + .        K - +13 plate armour of the Lair of Beasts {Contam Int+3 Dex+4}
rPois   inf          (helmet restricted)
rElec   +            f - +1 cloak of Starlight {*Dazzle EV+4 Stlth--}
rCorr   .            J - +0 pair of gloves of Apathy {rN+ Will+ Regen+}
SInv    .            x - +2 pair of boots
Will    +....        l - amulet of reflection Stlth
                     B - +5 ring of evasion
HPRegen 1.29/turn    b - +5 ring of evasion
MPRegen 0.21/turn

%: random rage (3%), reflection
@: weak-willed, heroic, flying, slowed, very slow
A: sickness immunity, AC +20, big wings, negative energy resistance 1,
electricity resistance, torment resistance 1, petrification resistance, antennae
1, iridescent scales 1, large bone plates 1, camouflage 1, berserk 1, clumsy 1,
deformed body, dopey 2, frail 1, low MP 1, weak 1, noise suppression
}: 4/15 runes: serpentine, barnacled, slimy, silver
a: Renounce Religion, Heroism


You were on level 2 of the Tomb of the Ancients.
You worshipped Okawaru.
Okawaru was pleased with you.
You visited 12 branches of the dungeon, and saw 54 of its levels.
You visited the Abyss 1 time.
You visited 1 bazaar.

You collected 8956 gold pieces.
You spent 5545 gold pieces at shops.


Innate Abilities, Weirdness & Mutations

You are immune to sickness and miasma.
Your stone body is resilient. (AC +20)
You are immune to poison.
Your large and strong wings let you fly.
You resist negative energy. (rN+)
You are resistant to electric shocks. (rElec)
You are resistant to unholy torment.
You are immune to petrification.
You have a pair of small antennae on your head.
You are partially covered in iridescent scales. (AC +2)
You are partially covered in large bone plates. (SH +4)
Your skin changes colour to match your surroundings (Stealth+).
You sometimes lose your temper in combat.
You are clumsy. (Dex -2)
Armour fits poorly on your strangely shaped body.
You are very dopey. (Int -4)
You are frail. (-10% HP)
Your magical capacity is low. (-10% MP)
You are weak. (Str -2)
You passively dampen the noise of your surroundings.


   Skills:
 O Level 27 Fighting
 - Level 18.7(23.7) Axes
 + Level 17.1(22.1) Throwing
 - Level 22.3(27) Armour
 - Level 12.0(17.0) Dodging
 - Level 22.0(27) Shields
 - Level 11.7 Invocations


You had 26 spell levels left.
You didn't know any spells.
Your spell library was empty.

Inventory:

Hand Weapons
 j - a +9 vampiric broad axe (weapon)
Missiles
 a - a silver javelin (quivered)
 n - 3 boomerangs
 t - 5 javelins
 u - 3 boomerangs of dispersal
Armour
 f - the +1 cloak of Starlight (worn) {*Dazzle EV+4 Stlth--}
   (You bought it in a shop on level 4 of the Shoals)

   *Dazzle:   It may blind those who miss an attack against the wearer in melee
   combat.
   EV:        It affects your evasion (+4).
   Stlth:     It makes you much less stealthy.
 x - a +2 pair of boots (worn)
 G - a +2 tower shield (worn)
 J - the +0 pair of gloves of Apathy (worn) {rN+ Will+ Regen+}
   (You bought it in a shop on level 2 of the Shoals)

   rN:        It protects you from negative energy.
   Regen:     It increases your rate of health regeneration.
   Will:      It increases your willpower.
 K - the +13 plate armour of the Lair of Beasts (worn) {Contam Int+3 Dex+4}
   (You bought it in a shop on level 2 of the Shoals)

   Int:       It affects your intelligence (+3).
   Dex:       It affects your dexterity (+4).
   Contam:    It causes magical contamination when unequipped.
Jewellery
 b - a +5 ring of evasion (right hand)
 c - the ring "Touz" {rElec rF+ Str+3}
   (You found it on level 11 of the Dungeon)

   [ring of protection from fire]

   Str:       It affects your strength (+3).
   rF:        It protects you from fire.
   rElec:     It insulates you from electricity.
 l - an amulet of reflection (around neck)
 r - a ring of protection from cold
 s - a ring of protection from fire
 B - a +5 ring of evasion (left hand)
 D - a ring of protection from cold
Wands
 p - a wand of digging (24)
Scrolls
 e - 11 scrolls of identify
 h - 4 scrolls of enchant armour
Potions
 d - 14 potions of might
 i - 9 potions of lignification
 k - 16 potions of curing
 m - a potion of resistance
 o - 14 potions of haste
 q - 4 potions of attraction

Dungeon Overview and Level Annotations

Branches:
Dungeon (15/15)            Temple (1/1) D:7            Lair (5/5) D:8
 Shoals (4/4) Lair:2        Snake (4/4) Lair:2        Slime (5/5) Lair:5
    Orc (2/2) D:10            Elf (0/3) Orc:2        Vaults (5/5) D:14
  Crypt (3/3) Vaults:3       Tomb (2/3) Crypt:3      Depths (4/4) D:15
    Zot (4/5) Depths:4

Altars:
Ashenzari
Cheibriados
Dithmenos
Elyvilon
Fedhas
Gozag
Hepliaklqana
Kikubaaqudgha
Makhleb
Nemelex Xobeh
Okawaru
Qazlal
Ru
Sif Muna
Trog
Uskayaw
Vehumet
Wu Jian
Xom
Yredelemnul
Zin
The Shining One
Jiyva

Shops:
D:10 !   Orc:2 ?*[=   Shoals:2 [   Shoals:4 [   Snake:2 :   Snake:3 :
Vaults:1 [(   Depths:4 ::=

Portals:
Hell: Depths:1 Depths:2 Depths:3 Depths:4
Abyss: Depths:1 Depths:3 Depths:4
Pandemonium: Depths:2
Ziggurat: Depths:2

Annotations:
D:2 1 runed translucent door, Crazy Yiuf
Lair:4 1 runed translucent door, qw's ghost, journeyman GrFi
Lair:5 2 runed translucent doors
Shoals:1 3 runed translucent doors
Orc:2 2 runed translucent doors, qw's ghost, journeyman GrFi
Vaults:1 2 runed translucent doors, qw's ghost, adept GrFi
Depths:4 2 transporters
Zot:1 2 runed translucent doors, Toelubet's ghost, veteran CeHu
Zot:4 4 transporters


Message History

You barely miss the royal mummy.
The royal mummy is severely damaged.
You hit the death scarab. You barely miss the death scarab.
You slice the death scarab!! You block the death scarab's attack.
You hear a loud "Zot"!
The death scarab barely misses you. You block the death scarab's attack. x2
The death scarab completely misses you. You block the death scarab's attack.
The death scarab misses you.
The royal mummy hits you but does no damage.
You hit the royal mummy but do no damage.
The royal mummy is severely damaged.
You hit the death scarab. You closely miss the death scarab.
You slice the death scarab!! You barely miss the death scarab.
You block the death scarab's attack. x2; The death scarab completely misses you.
The death scarab closely misses you. The death scarab bites you!!
The death scarab closely misses you.
You hear a loud "Zot"!
You block the death scarab's attack. x2; The death scarab misses you.
The royal mummy hits you but does no damage.
You slice the royal mummy like a ripe choko!!!
The royal mummy is almost destroyed.
You closely miss the death scarab. You slash the death scarab!
You barely miss the death scarab. You hit the death scarab.
You block the death scarab's attack. The death scarab completely misses you.
You block the death scarab's attack. x2; The death scarab bites you.
The death scarab drains your vigour!
You feel as though you will be slow longer.
The death scarab bites you! The death scarab drains your vigour!
You feel as though you will be slow longer.
The death scarab misses you. The royal mummy completely misses you.
You hit the royal mummy but do no damage.
The royal mummy is almost destroyed.
You miss the death scarab. You slash the death scarab!
You slice the death scarab!! You closely miss the death scarab.
You block the death scarab's attack. x2; The death scarab completely misses you.
The death scarab misses you.
You hear a loud "Zot"!
You block the death scarab's attack. The death scarab bites you!
You die...

.....¤Bnz¤
#.....#
....¤#.BM#
#.....#
...^......
#.....# ¤
......¤
#..^..#
.........
.^.^.
##.......
^..
#.......
###B###
#.B@B.#


#.BBMB# #.B^..####### #.....^.....# #...........# #....^......# #........^.>#
############# You could see a royal mummy and 7 death scarabs.

Vanquished Creatures
  Dissolution (Slime:2)
  the Royal Jelly (Slime:5)
  Tiamat (Zot:1)
  A dread lich (Vaults:5)
  An ancient lich (Vaults:5)
  Khufu (Crypt:2)
  3 juggernauts
  A juggernaut (shapeshifter) (Vaults:1)
  7 royal mummies
  Vv (Depths:2)
  A Killer Klown (Zot:4)
  Vashnia (Snake:4)
  2 curse toes
  13 golden dragons
  the Enchantress (Depths:4)
  3 bone dragons
  3 doom hounds (Depths:2)
  16 tentacled monstrosities
  2 walking crystal tomes
  Grunn (Depths:2)
  4 liches
  A walking frostbound tome (Depths:3)
  8 titans
  4 quicksilver dragons
  Frances (Snake:2)
  Polyphemus (Shoals:3)
  19 acid blobs
  5 ancient champions
  5 death cobs
  13 sphinxes
  7 tengu reavers
  15 storm dragons
  11 shadow dragons
  Gastronok (Lair:3)
  Kirke (D:12)
  6 azure jellies
  3 draconian monks
  Roxanne (Snake:2)
  8 nagarajas
  5 narguns (Zot:3)
  7 frost giants
  4 revenants
  12 rockslimes
  8 fire giants
  5 draconian knights
  2 iron dragons
  13 vault wardens
  2 caustic shrike zombies
  7 draconian scorchers
  An emperor scorpion (shapeshifter) (Vaults:5)
  Aizul (Snake:1)
  2 curse skulls (Crypt:3)
  2 ghost moths
  Louise (Depths:3)
  A draconian shifter (Zot:2)
  14 ghouls
  5 draconian stormcallers
  20 very ugly things
  6 spriggan defenders
  A juggernaut zombie (Depths:1)
  12 quicksilver oozes
  9 draconian annihilators
  A juggernaut skeleton (Crypt:1)
  11 ironbound thunderhulks
  19 stone giants
  18 ironbound preservers
  A reaper (Depths:2)
  3 war gargoyles
  13 vampire knights
  3 deep elf demonologists (Vaults:5)
  6 black draconians
  4 green draconians
  3 putrid mouths (Depths:2)
  16 yellow draconians
  12 purple draconians
  10 dire elephants
  Azrael (D:13)
  10 spark wasps
  A deep elf annihilator (Vaults:5)
  A deep elf death mage (Crypt:3)
  14 red draconians
  6 white draconians
  4 bennus
  6 eidola
  Snorg (D:13)
  12 mummy priests
  9 ettins
  A crystal guardian (Vaults:4)
  7 fire dragons
  Josephine (D:13)
  10 merfolk impalers
  A deep elf high priest (Vaults:5)
  6 merfolk javelineers
  4 entropy weavers
  A blizzard demon (Depths:1)
  A quicksilver dragon zombie (D:15)
  5 jiangshi
  13 great orbs of eyes
  12 yaktaur captains
  Fannar (Lair:3)
  3 salamander tyrants
  2 spriggan zombies (Crypt:1)
  11 hydras
  Harold (D:9)
  A juggernaut simulacrum (Crypt:1)
  2 peacekeepers
  An ogre mage (Vaults:5)
  28 vault guards
  16 ice dragons
  2 catoblepae
  4 merfolk avatars
  10 centaur warriors
  A hell beast (Depths:1)
  Erolcha (D:9)
  6 ironbound frosthearts
  A spriggan skeleton (Crypt:1)
  6 anacondas
  A rakshasa (Depths:1)
  2 merfolk aquamancers
  10 spriggan air magi
  An anaconda (shapeshifter) (Depths:1)
  8 boulder beetles
  3 death knights
  2 two-headed ogres (D:10)
  An alligator snapping turtle (Shoals:4)
  5 death yaks
  4 deep troll shamans
  6 vampire magi
  5 spriggan berserkers
  3 dancing weapons (Zot:3)
  9 death scarabs (Tomb:2)
  3 deep troll earth magi
  3 titan zombies
  4 satyrs
  20 naga warriors
  A hell hog (Depths:1)
  6 tengu warriors
  9 shock serpents
  3 orc high priests (Orc:2)
  2 hell knights
  Nergalle (Lair:2)
  22 naga sharpshooters
  Sonja (Lair:3)
  A quicksilver ooze zombie (Crypt:2)
  A soul eater (Crypt:1)
  38 skeletal warriors
  3 deep elf knights
  Urug (D:10)
  An iron troll (Depths:3)
  3 shadow wraiths
  9 skysharks
  Lodul (D:13)
  2 salamander mystics
  48 deep trolls
  A death drake (shapeshifter) (Depths:1)
  A goliath frog (shapeshifter) (Depths:2)
  6 naga ritualists
  23 sea snakes
  A bunyip zombie (Tomb:2)
  An anaconda zombie (Crypt:2)
  7 bog bodies
  2 glowing orange brains
  13 ironbound convokers
  An orange crystal statue (Depths:1)
  A storm dragon skeleton (Crypt:1)
  2 flayed ghosts (Crypt:2)
  A golden dragon skeleton (Crypt:2)
  2 fenstrider witch simulacra (Crypt:1)
  A broodmother zombie (Crypt:2)
  2 deep elf archers
  11 mana vipers
  A wolf spider zombie (Crypt:3)
  3 lindwurms
  36 harpies
  3 deep elf pyromancers
  An obsidian statue (Vaults:3)
  13 phantasmal warriors
  11 necromancers
  7 wizards
  A sphinx zombie (Crypt:1)
  8 orc knights
  A tengu zombie (Vaults:4)
  A large abomination (Crypt:1)
  2 frost giant zombies (D:15)
  24 moths of wrath
  6 orc sorcerers
  11 cyclopes
  A fire giant zombie (Depths:1)
  21 fauns
  41 ugly things
  15 manticores
  An iron dragon skeleton (Crypt:1)
  19 elephants
  A moth of wrath (shapeshifter) (D:14)
  12 merfolk sirens
  A centaur zombie (Crypt:2)
  5 shining eyes
  7 salamanders
  A frost giant skeleton (Depths:1)
  3 molten gargoyles (Lair:5)
  16 vault sentinels
  3 guardian serpents
  2 torpor snails (Lair:5)
  26 naga magi
  Joseph (D:8)
  3 water nymphs
  An orc skeleton (Crypt:1)
  25 black mambas
  An eye of devastation (Slime:5)
  A gargoyle (D:11)
  3 kobold demonologists (D:13)
  Maggie (Lair:2)
  10 rime drakes
  An elf zombie (Vaults:4)
  2 human zombies
  A dire elephant skeleton (Crypt:3)
  A swamp worm zombie (Crypt:2)
  5 centaur skeletons
  8 cane toads
  An orb spider zombie (Crypt:2)
  2 tormentors (Depths:2)
  An efreet (D:14)
  13 komodo dragons
  26 yaktaurs
  19 guardian mummies
  5 harpy zombies (Crypt:1)
  6 freezing wraiths
  2 tengu conjurers
  10 trolls
  33 merfolk
  A wolf spider simulacrum (D:14)
  6 wind drakes
  A polar bear (Lair:5)
  3 harpy skeletons
  4 hornets
  7 snapping turtles
  A raiju (Snake:4)
  2 death drake skeletons
  10 blink frogs
  A hydra skeleton (Crypt:2)
  An ettin zombie (Crypt:3)
  A sphinx simulacrum (Depths:1)
  5 dream sheep
  97 slime creatures
  A satyr skeleton (Crypt:2)
  A culicivora (Vaults:4)
  7 water elementals
  An ettin skeleton (Vaults:4)
  16 flying skulls
  Sigmund (D:6)
  A black mamba zombie (Crypt:3)
  A vampire (D:14)
  3 shadows
  6 wyverns
  11 spriggans
  49 yaks
  10 ushabtiu (Tomb:1)
  12 basilisks
  13 wraiths
  5 fire elementals (D:13)
  3 hogs (D:12)
  A steam dragon (D:8)
  A human (shapeshifter) (D:15)
  10 vampire mosquitoes
  A black mamba skeleton (Tomb:1)
  48 nagas
  Menkaure (D:6)
  A demonspawn zombie (Crypt:1)
  A redback (Vaults:3)
  3 wargs
  A harpy simulacrum (Crypt:2)
  2 acid dragons
  Edmund (D:5)
  12 water moccasins
  10 hell hounds
  2 ice beasts (Vaults:2)
  A cane toad skeleton (Crypt:1)
  A naga skeleton (Crypt:1)
  2 sky beasts (D:8)
  26 orc warriors
  2 black bears
  11 ogres
  A boggart (Vaults:1)
  17 wolves
  15 centaurs
  A phantom (D:6)
  Blork the orc (D:5)
  2 kobold brigands
  8 bullfrogs
  A salamander zombie (Crypt:1)
  3 scorpions
  A necrophage (Crypt:2)
  A komodo dragon skeleton (Crypt:1)
  A glowing shapeshifter simulacrum (Vaults:4)
  9 wights
  11 killer bees
  2 tengu skeletons
  2 electric eels
  A yak skeleton (Crypt:1)
  5 lava snakes (Lair:5)
  7 hounds
  21 orc priests
  6 jellies
  A sleepcap (D:6)
  6 iguanas
  Jessica (D:2)
  Ijyb (D:5)
  24 orc wizards
  9 hell rats (Lair:4)
  A sky beast zombie (Crypt:2)
  20 mummies
  Robin (D:2)
  3 gnolls (D:6)
  6 adders
  A steam dragon skeleton (Crypt:1)
  A shadow imp (D:6)
  12 white imps (D:11)
  2 ufetubi
  3 worms
  3 dart slugs (D:1)
  73 orcs
  5 bats
  12 endoplasms
  2 giant cockroaches
  15 goblins
  16 hobgoblins
  2 jackals (D:4)
  6 quokkas
  6 ball pythons
  A ball python skeleton (Crypt:3)
  4 frilled lizards
  14 kobolds
  4 rats
  A rat skeleton (Crypt:2)
  A butterfly (Lair:2)
  2 spectral weapons (Depths:2)
2258 creatures vanquished.

Vanquished Creatures (others)
  A death cob (Zot:1)
  A draconian monk (Zot:1)
  A fire giant (Depths:1)
  A draconian knight (Zot:1)
  A draconian annihilator (Zot:1)
  A yellow draconian (Zot:4)
  A merfolk javelineer (Shoals:4)
  A vault guard (Vaults:5)
  A merfolk aquamancer (Shoals:4)
  A harpy (Shoals:4)
  A moth of wrath (Zot:1)
  A vault sentinel (Vaults:3)
  A wyvern (Lair:5)
  A naga (Snake:3)
  A kobold (D:8)
15 creatures vanquished.

Grand Total: 2273 creatures vanquished

Notes
Turn   | Place    | Note
-------+----------+-------------------------------------------
     0 | D:1      | qw the Gargoyle Fighter began the quest for the Orb.
     0 | D:1      | Reached XP level 1. HP: 14/14 MP: 1/1
     0 | D:1      | 0 ||| qw: Version: 0.2-a-101-gf424e7f
     0 | D:1      | 0 ||| qw: Game counter: 313
     0 | D:1      | 0 ||| qw: Always use a shield: true
     0 | D:1      | 0 ||| qw: God list: Okawaru
     0 | D:1      | 0 ||| qw: Allow faded altars: false
     0 | D:1      | 0 ||| qw: Do Orc after D:15 true
     0 | D:1      | 0 ||| qw: Do second Lair branch before Depths: true
     0 | D:1      | 0 ||| qw: Lair rune preference: random
     0 | D:1      | 0 ||| qw: Plans: Normal, Zot:1-4, Slime:5, God:TSO, Crypt,
                  | Tomb, Pan, Hells, Abyss, Win
     0 | D:1      | 0 ||| PLANNING D:1-11
     7 | D:1      | 7 ||| Stepping ~*~*~tactically~*~*~ (hiding).
   219 | D:1      | Reached XP level 2. HP: 19/19 MP: 2/2
   430 | D:1      | Reached skill level 3 in Axes
   457 | D:1      | 457 ||| Stepping ~*~*~tactically~*~*~ (stealth).
   458 | D:1      | 458 ||| Stepping ~*~*~tactically~*~*~ (stealth).
   459 | D:1      | 459 ||| Stepping ~*~*~tactically~*~*~ (stealth).
   463 | D:1      | Reached XP level 3. HP: 23/23 MP: 3/3
   470 | D:1      | 470 ||| Stepping ~*~*~tactically~*~*~ (stealth).
   471 | D:1      | 471 ||| Stepping ~*~*~tactically~*~*~ (stealth).
   476 | D:1      | 476 ||| Stepping ~*~*~tactically~*~*~ (stealth).
   504 | D:1      | 504 ||| Stepping ~*~*~tactically~*~*~ (hiding).
   912 | D:1      | 912 ||| DROPPING +2 ring mail of poison resistance.
   913 | D:1      | 913 ||| READING scroll labelled AKICWE DATA.
  1032 | D:2      | 1032 ||| Stepping ~*~*~tactically~*~*~ (stealth).
  1033 | D:2      | 1033 ||| Stepping ~*~*~tactically~*~*~ (stealth).
  1049 | D:2      | 1049 ||| Stepping ~*~*~tactically~*~*~ (stealth).
  1070 | D:2      | 1070 ||| Stepping ~*~*~tactically~*~*~ (stealth).
  1073 | D:2      | 1073 ||| Stepping ~*~*~tactically~*~*~ (stealth).
  1088 | D:2      | 1088 ||| DROPPING +0 club.
  1168 | D:2      | Found a runed translucent door.
  1169 | D:2      | Noticed Crazy Yiuf
  1234 | D:2      | 1234 ||| Stepping ~*~*~tactically~*~*~ (stealth).
  1235 | D:2      | 1235 ||| Stepping ~*~*~tactically~*~*~ (stealth).
  1243 | D:2      | 1243 ||| Stepping ~*~*~tactically~*~*~ (stealth).
  1244 | D:2      | 1244 ||| Stepping ~*~*~tactically~*~*~ (stealth).
  1245 | D:2      | 1245 ||| Stepping ~*~*~tactically~*~*~ (stealth).
  1249 | D:2      | Noticed Robin
  1253 | D:2      | Reached XP level 4. HP: 27/28 MP: 4/4
  1259 | D:2      | Killed Robin
  1334 | D:2      | 1334 ||| Stepping ~*~*~tactically~*~*~ (stealth).
  1433 | D:2      | Noticed Jessica
  1441 | D:2      | Killed Jessica
  1700 | D:2      | 1700 ||| UPGRADING to +0 helmet.
  1705 | D:2      | 1705 ||| UPGRADING to amulet of reflection.
  1710 | D:2      | 1710 ||| READING scroll labelled SOUTOHODOC.
  1711 | D:2      | 1711 ||| READING scroll labelled ZORIOD SAXTE.
  1712 | D:2      | 1712 ||| READING scroll labelled OFOXKO KATY.
  1756 | D:2      | 1756 ||| DRINKING 2 amethyst potions.
  1757 | D:2      | 1757 ||| DROPPING potion of degeneration.
  1831 | D:3      | Reached XP level 5. HP: 32/32 MP: 5/5
  2356 | D:3      | 2356 ||| Stepping ~*~*~tactically~*~*~ (stealth).
  2364 | D:3      | 2364 ||| Stepping ~*~*~tactically~*~*~ (stealth).
  2365 | D:3      | 2365 ||| Stepping ~*~*~tactically~*~*~ (stealth).
  2575 | D:3      | 2575 ||| UPGRADING to +0 plate armour.
  2585 | D:3      | 2585 ||| DROPPING +0 scale mail.
  2586 | D:3      | 2586 ||| DROPPING +2 robe of fire resistance.
  2587 | D:3      | 2587 ||| UPGRADING to ring of positive energy.
  2588 | D:3      | 2588 ||| READING 2 scrolls of identify.
  2588 | D:3      | 2588 ||| IDENTIFYING viscous golden potion
  2715 | D:4      | 2715 ||| Stepping ~*~*~tactically~*~*~ (stealth).
  2729 | D:4      | 2729 ||| Stepping ~*~*~tactically~*~*~ (stealth).
  2738 | D:4      | 2738 ||| Stepping ~*~*~tactically~*~*~ (stealth).
  2739 | D:4      | 2739 ||| Stepping ~*~*~tactically~*~*~ (stealth).
  2825 | D:4      | Reached skill level 4 in Fighting
  2825 | D:4      | Reached XP level 6. HP: 34/39 MP: 6/6
  2925 | D:4      | 2925 ||| Stepping ~*~*~tactically~*~*~ (stealth).
  2926 | D:4      | 2926 ||| Stepping ~*~*~tactically~*~*~ (stealth).
  2928 | D:4      | 2928 ||| Stepping ~*~*~tactically~*~*~ (stealth).
  2930 | D:4      | 2930 ||| Stepping ~*~*~tactically~*~*~ (stealth).
  3024 | D:4      | 3024 ||| DROPPING +3 hand axe of venom.
  3209 | D:4      | 3209 ||| UPGRADING to ring of protection from cold.
  3210 | D:4      | 3210 ||| READING scroll labelled OLANUCHI OZAUD.
  3210 | D:4      | Identified a scroll of acquirement
  3210 | D:4      | 3210 ||| ACQUIRING 689 gold pieces
  3210 | D:4      | Acquired 689 gold pieces
  3212 | D:4      | 3212 ||| READING scroll labelled ZANEZI GISCH.
  3213 | D:4      | 3213 ||| READING scroll labelled XOMPEKL WISOD.
  3314 | D:4      | 3314 ||| READING 2 scrolls of identify.
  3314 | D:4      | 3314 ||| IDENTIFYING murky purple potion
  3329 | D:5      | Entered Level 5 of the Dungeon
  3345 | D:5      | 3345 ||| Stepping ~*~*~tactically~*~*~ (stealth).
  3359 | D:5      | Reached skill level 1 in Throwing
  3474 | D:5      | Noticed Ijyb
  3482 | D:5      | Killed Ijyb
  3503 | D:5      | Noticed Edmund
  3513 | D:5      | Killed Edmund
  3514 | D:5      | Reached skill level 6 in Axes
  3514 | D:5      | Reached XP level 7. HP: 37/44 MP: 7/7
  3541 | D:5      | 3541 ||| DROPPING +0 whip.
  3605 | D:5      | 3605 ||| Stepping ~*~*~tactically~*~*~ (stealth).
  3616 | D:5      | HP: 7/44 [ogre/+0 giant club (18)]
  3617 | D:5      | 3617 ||| READING scroll of teleportation.
  3618 | D:5      | 3618 ||| DRINKING potion of heal wounds.
  3733 | D:5      | Found a stormy altar of Qazlal.
  3886 | D:5      | 3886 ||| DROPPING +2 flail of protection.
  3917 | D:5      | Noticed Blork the orc
  3918 | D:5      | 3918 ||| Stepping ~*~*~tactically~*~*~ (hiding).
  3921 | D:5      | 3921 ||| Stepping ~*~*~tactically~*~*~ (hiding).
  3927 | D:5      | Killed Blork the orc
  4135 | D:5      | Reached skill level 5 in Fighting
  4135 | D:5      | Reached XP level 8. HP: 43/49 MP: 8/8
  4170 | D:5      | 4170 ||| READING scroll labelled QOULAU GYID.
  4171 | D:5      | 4171 ||| READING scroll labelled BEBEVI QYWNOL.
  4172 | D:5      | 4172 ||| DRINKING 2 red potions.
  4251 | D:6      | 4251 ||| Stepping ~*~*~tactically~*~*~ (hiding).
  4252 | D:6      | 4252 ||| Stepping ~*~*~tactically~*~*~ (hiding).
  4254 | D:6      | 4254 ||| Stepping ~*~*~tactically~*~*~ (hiding).
  4255 | D:6      | 4255 ||| Stepping ~*~*~tactically~*~*~ (hiding).
  4256 | D:6      | 4256 ||| Stepping ~*~*~tactically~*~*~ (hiding).
  4257 | D:6      | 4257 ||| Stepping ~*~*~tactically~*~*~ (hiding).
  4259 | D:6      | 4259 ||| Stepping ~*~*~tactically~*~*~ (hiding).
  4292 | D:6      | Reached skill level 1 in Dodging
  4309 | D:6      | 4309 ||| Stepping ~*~*~tactically~*~*~ (hiding).
  4310 | D:6      | 4310 ||| Stepping ~*~*~tactically~*~*~ (hiding).
  4379 | D:6      | 4379 ||| Stepping ~*~*~tactically~*~*~ (hiding).
  4825 | D:6      | Noticed a yak
  4826 | D:6      | 4826 ||| FLEEEEING.
  4827 | D:6      | 4827 ||| FLEEEEING.
  4828 | D:6      | 4828 ||| FLEEEEING.
  4846 | D:6      | Killed a yak
  4899 | D:6      | 4899 ||| Stepping ~*~*~tactically~*~*~ (stealth).
  4911 | D:6      | 4911 ||| Stepping ~*~*~tactically~*~*~ (hiding).
  4914 | D:6      | Noticed Menkaure
  4928 | D:6      | Killed Menkaure
  4929 | D:6      | Reached skill level 6 in Fighting
  5216 | D:6      | Noticed Sigmund
  5225 | D:6      | Killed Sigmund
  5226 | D:6      | Reached XP level 9. HP: 49/56 MP: 9/9
  5410 | D:6      | 5410 ||| READING scroll labelled WIYT ZAJUE.
  5452 | D:7      | Found a staircase to the Ecumenical Temple.
  5453 | D:7      | 5453 ||| PLANNING TEMPLE
  5467 | Temple   | Entered the Ecumenical Temple
  5655 | Temple   | 5655 ||| PLANNING D:1-11
  5702 | D:7      | Identified the +2 ring mail of Ciorph {+Inv rN+ Will++
                  | rCorr}
  5880 | D:7      | Found an iron altar of Okawaru.
  5881 | D:7      | 5881 ||| PLANNING OKAWARU WORSHIP
  5884 | D:7      | 5884 ||| READING 2 scrolls of identify.
  5884 | D:7      | 5884 ||| IDENTIFYING pink potion
  5885 | D:7      | 5885 ||| DROPPING potion of brilliance.
  5893 | D:7      | Became a worshipper of Warmaster Okawaru
  5893 | D:7      | 5893 ||| PLANNING D:1-11
  6111 | D:7      | 6111 ||| DRINKING 3 potions of curing.
  6111 | D:7      | 6111 ||| (to cure confusion)
  6255 | D:7      | 6255 ||| SWAPPING to +2 war axe.
  6256 | D:7      | 6256 ||| DROPPING +1 war axe.
  6276 | D:7      | HP: 13/56 [wight/+3 mace (9)]
  6277 | D:7      | 6277 ||| READING scroll of teleportation.
  6278 | D:7      | 6278 ||| DRINKING potion of heal wounds.
  6280 | D:7      | Reached skill level 9 in Axes
  6391 | D:7      | Found an ancient bone altar of Kikubaaqudgha.
  6422 | D:7      | 6422 ||| Stepping ~*~*~tactically~*~*~ (hiding).
  6477 | D:7      | Reached * piety under Okawaru
  6488 | D:7      | Reached skill level 7 in Fighting
  6488 | D:7      | Reached skill level 1 in Invocations
  6489 | D:7      | Reached skill level 6 in Armour
  6685 | D:7      | 6685 ||| UPGRADING to +6 ring of strength.
  6687 | D:7      | 6687 ||| DRINKING 2 glowing purple potions.
  6760 | D:8      | Reached skill level 3 in Invocations
  6828 | D:8      | Noticed Joseph
  6839 | D:8      | Killed Joseph
  6840 | D:8      | Reached XP level 10. HP: 48/63 MP: 11/13
  6908 | D:8      | 6908 ||| DRINKING 2 potions of curing.
  6908 | D:8      | 6908 ||| (to cure confusion)
  6957 | D:8      | 6957 ||| INVOKING Heroism.
  6985 | D:8      | 6985 ||| INVOKING Heroism.
  7029 | D:8      | Identified the +2 robe of Puwkefeij {Harm +Blink rF- MP+9}
  7088 | D:8      | 7088 ||| Stepping ~*~*~tactically~*~*~ (stealth).
  7090 | D:8      | 7090 ||| Stepping ~*~*~tactically~*~*~ (stealth).
  7157 | D:8      | 7157 ||| Stepping ~*~*~tactically~*~*~ (stealth).
  7176 | D:8      | Found a staircase to the Lair.
  7177 | D:8      | 7177 ||| INVOKING Heroism.
  7614 | D:8      | 7614 ||| INVOKING Heroism.
  7624 | D:8      | 7624 ||| Stepping ~*~*~tactically~*~*~ (cloud).
  7837 | D:8      | 7837 ||| PLANNING LAIR
  7837 | D:8      | 7837 ||| UPGRADING to +0 pair of boots.
  7842 | D:8      | 7842 ||| DRINKING 2 puce potions.
  7843 | D:8      | 7843 ||| READING 2 scrolls of identify.
  7843 | D:8      | 7843 ||| IDENTIFYING silvery potion
  7863 | Lair:1   | Entered Level 1 of the Lair of Beasts
  7872 | Lair:1   | Reached skill level 8 in Fighting
  7962 | Lair:1   | Reached ** piety under Okawaru
  7967 | Lair:1   | 7967 ||| INVOKING Heroism.
  8065 | Lair:1   | Noticed a catoblepas
  8066 | Lair:1   | 8066 ||| INVOKING Heroism.
  8084 | Lair:1   | Killed a catoblepas
  8085 | Lair:1   | Reached skill level 3 in Throwing
  8275 | Lair:1   | Reached *** piety under Okawaru
  8290 | Lair:1   | 8290 ||| Stepping ~*~*~tactically~*~*~ (stealth).
  8291 | Lair:1   | 8291 ||| Stepping ~*~*~tactically~*~*~ (stealth).
  8299 | Lair:1   | 8299 ||| INVOKING Heroism.
  8307 | Lair:1   | 8307 ||| Stepping ~*~*~tactically~*~*~ (stealth).
  8312 | Lair:1   | 8312 ||| Stepping ~*~*~tactically~*~*~ (stealth).
  8314 | Lair:1   | 8314 ||| Stepping ~*~*~tactically~*~*~ (stealth).
  8364 | Lair:1   | 8364 ||| Stepping ~*~*~tactically~*~*~ (stealth).
  8373 | Lair:1   | Reached XP level 11. HP: 68/68 MP: 14/14
  8379 | Lair:1   | Received a gift from Okawaru
  8427 | Lair:1   | Identified the +6 chain mail "Leleeli" {Dex+6}
  8560 | Lair:1   | Reached skill level 9 in Fighting
  8596 | Lair:1   | 8596 ||| INVOKING Heroism.
  8704 | Lair:1   | 8704 ||| INVOKING Heroism.
  9034 | Lair:1   | 9034 ||| UPGRADING to +6 chain mail "Leleeli" {Dex+6}.
  9044 | Lair:1   | 9044 ||| DROPPING +0 plate armour.
  9045 | Lair:1   | 9045 ||| UPGRADING to +0 pair of gloves.
  9050 | Lair:1   | 9050 ||| READING scroll labelled VULAAH YWYUSH.
  9051 | Lair:1   | 9051 ||| READING scroll labelled IVVAFF VIRUNN.
  9052 | Lair:1   | 9052 ||| READING scroll labelled SEFULO MEHAUSS.
  9100 | Lair:1   | 9100 ||| READING scroll labelled PALELIH CULYRUS.
  9101 | Lair:1   | 9101 ||| READING 3 scrolls of identify.
  9101 | Lair:1   | 9101 ||| IDENTIFYING blue potion
  9102 | Lair:1   | 9102 ||| READING 2 scrolls of identify.
  9102 | Lair:1   | 9102 ||| IDENTIFYING brown potion
  9103 | Lair:1   | 9103 ||| DROPPING potion of berserk rage.
  9104 | Lair:1   | 9104 ||| DROPPING potion of flight.
  9149 | Lair:2   | Found a staircase to the Snake Pit.
  9223 | Lair:2   | Found a staircase to the Shoals.
  9231 | Lair:2   | 9231 ||| Stepping ~*~*~tactically~*~*~ (water).
  9263 | Lair:2   | Received a gift from Okawaru
  9268 | Lair:2   | Reached skill level 3 in Dodging
  9330 | Lair:2   | Reached **** piety under Okawaru
  9443 | Lair:2   | 9443 ||| INVOKING Heroism.
  9647 | Lair:2   | Noticed Maggie
  9648 | Lair:2   | 9648 ||| INVOKING Heroism.
  9671 | Lair:2   | Killed Maggie
  9694 | Lair:2   | 9694 ||| Stepping ~*~*~tactically~*~*~ (stealth).
  9744 | Lair:2   | Noticed a six-headed hydra
  9745 | Lair:2   | 9745 ||| Stepping ~*~*~tactically~*~*~ (stealth).
  9747 | Lair:2   | 9747 ||| Stepping ~*~*~tactically~*~*~ (stealth).
  9748 | Lair:2   | 9748 ||| INVOKING Heroism.
  9754 | Lair:2   | 9754 ||| SWAPPING to +0 hand axe of flaming.
  9762 | Lair:2   | Killed a one-headed hydra
  9763 | Lair:2   | 9763 ||| SWAPPING to +2 war axe of draining.
  9771 | Lair:2   | Reached skill level 12 in Axes
  9771 | Lair:2   | Reached skill level 6 in Invocations
  9963 | Lair:2   | Noticed Nergalle
  9964 | Lair:2   | 9964 ||| INVOKING Heroism.
  9986 | Lair:2   | Killed Nergalle
  9986 | Lair:2   | Reached ***** piety under Okawaru
 10149 | Lair:3   | 10149 ||| INVOKING Heroism.
 10150 | Lair:3   | Noticed a skyshark
 10152 | Lair:3   | Reached skill level 6 in Shields
 10152 | Lair:3   | Reached XP level 12. HP: 76/76 MP: 14/17
 10159 | Lair:3   | Killed a skyshark
 10197 | Lair:3   | Noticed Fannar
 10198 | Lair:3   | 10198 ||| Stepping ~*~*~tactically~*~*~ (hiding).
 10200 | Lair:3   | 10200 ||| Stepping ~*~*~tactically~*~*~ (hiding).
 10201 | Lair:3   | 10201 ||| Stepping ~*~*~tactically~*~*~ (hiding).
 10228 | Lair:3   | Killed Fannar
 10228 | Lair:3   | Received a gift from Okawaru
 10230 | Lair:3   | 10230 ||| SWAPPING to +2 heavy broad axe.
 10231 | Lair:3   | 10231 ||| DROPPING +2 war axe of draining.
 10266 | Lair:3   | Noticed Gastronok
 10267 | Lair:3   | 10267 ||| INVOKING Heroism.
 10273 | Lair:3   | HP: 8/76 [Gastronok (20)]
 10274 | Lair:3   | 10274 ||| READING 2 scrolls of teleportation.
 10277 | Lair:3   | 10277 ||| READING scroll of teleportation.
 10280 | Lair:3   | Killed Gastronok
 10653 | Lair:3   | Noticed Sonja
 10654 | Lair:3   | 10654 ||| INVOKING Finesse.
 10657 | Abyss:1  | Found a corrupted altar of Lugonu.
 10657 | Abyss:1  | Cast into level 1 of the Abyss (Sonja)
 10710 | Abyss:1  | 10710 ||| Stepping ~*~*~tactically~*~*~ (stealth).
 10743 | Lair:3   | Escaped the Abyss
 10748 | Lair:3   | 10748 ||| Stepping ~*~*~tactically~*~*~ (hiding).
 10750 | Lair:3   | 10750 ||| INVOKING Finesse.
 10756 | Lair:3   | 10756 ||| INVOKING Heroism.
 10757 | Lair:3   | 10757 ||| Stepping ~*~*~tactically~*~*~ (hiding).
 10764 | Lair:3   | 10764 ||| Stepping ~*~*~tactically~*~*~ (hiding).
 10771 | Lair:3   | Killed Sonja
 10772 | Lair:3   | Reached skill level 10 in Fighting
 11087 | Lair:3   | 11087 ||| READING scroll of brand weapon.
 11087 | Lair:3   | 11087 ||| BRANDING +2 heavy broad axe.
 11097 | Lair:3   | 11097 ||| Stepping ~*~*~tactically~*~*~ (stealth).
 11098 | Lair:3   | 11098 ||| Stepping ~*~*~tactically~*~*~ (stealth).
 11287 | Lair:3   | 11287 ||| UPGRADING to +4 ring of protection.
 11289 | Lair:3   | 11289 ||| DROPPING ring of positive energy.
 11290 | Lair:3   | 11290 ||| UPGRADING to +6 ring of strength.
 11316 | Lair:4   | Noticed a four-headed hydra
 11317 | Lair:4   | 11317 ||| INVOKING Heroism.
 11318 | Lair:4   | 11318 ||| SWAPPING to +0 hand axe of flaming.
 11326 | Lair:4   | Killed a one-headed hydra
 11327 | Lair:4   | Reached skill level 9 in Invocations
 11327 | Lair:4   | 11327 ||| SWAPPING to +2 broad axe of venom.
 11378 | Lair:4   | 11378 ||| Stepping ~*~*~tactically~*~*~ (stealth).
 11389 | Lair:4   | Received a gift from Okawaru
 11401 | Lair:4   | 11401 ||| INVOKING Heroism.
 11520 | Lair:4   | Identified the +3 great sword of Gloom {venom, Str-5 Dex+6
                  | SInv Stlth+}
 11531 | Lair:4   | 11531 ||| INVOKING Heroism.
 11621 | Lair:4   | Noticed a five-headed hydra
 11622 | Lair:4   | 11622 ||| INVOKING Heroism.
 11626 | Lair:4   | 11626 ||| Stepping ~*~*~tactically~*~*~ (hiding).
 11636 | Lair:4   | 11636 ||| SWAPPING to +0 hand axe of flaming.
 11642 | Lair:4   | Killed a one-headed hydra
 11642 | Lair:4   | Received a gift from Okawaru
 11643 | Lair:4   | 11643 ||| SWAPPING to +2 broad axe of venom.
 11648 | Lair:4   | Reached XP level 13. HP: 56/82 MP: 20/20
 11667 | Lair:4   | 11667 ||| Stepping ~*~*~tactically~*~*~ (stealth).
 11673 | Lair:4   | 11673 ||| Stepping ~*~*~tactically~*~*~ (stealth).
 11674 | Lair:4   | 11674 ||| Stepping ~*~*~tactically~*~*~ (stealth).
 11675 | Lair:4   | 11675 ||| Stepping ~*~*~tactically~*~*~ (stealth).
 11752 | Lair:4   | Found a runed translucent door.
 11770 | Lair:4   | Noticed qw's ghost (journeyman GrFi)
 11957 | Lair:4   | 11957 ||| INVOKING Heroism.
 11958 | Lair:4   | 11958 ||| INVOKING Finesse.
 11963 | Lair:4   | 11963 ||| SWAPPING to +0 hand axe of flaming.
 11969 | Lair:4   | 11969 ||| SWAPPING to +2 broad axe of venom.
 12025 | Lair:4   | 12025 ||| READING scroll of enchant weapon.
 12025 | Lair:4   | 12025 ||| ENCHANTING +2 broad axe of venom.
 12071 | Lair:4   | 12071 ||| INVOKING Heroism.
 12215 | Lair:4   | 12215 ||| INVOKING Heroism.
 12384 | Lair:4   | 12384 ||| INVOKING Heroism.
 12386 | Lair:4   | 12386 ||| SWAPPING to +0 hand axe of flaming.
 12403 | Lair:4   | 12403 ||| SWAPPING to +3 broad axe of venom.
 12786 | Lair:4   | 12786 ||| UPGRADING to scarf of repulsion.
 12791 | Lair:4   | 12791 ||| DRINKING 2 metallic white potions.
 12792 | Lair:4   | 12792 ||| DROPPING potion of invisibility.
 12832 | Lair:5   | Entered Level 5 of the Lair of Beasts
 12844 | Lair:5   | 12844 ||| Stepping ~*~*~tactically~*~*~ (stealth).
 12871 | Lair:5   | 12871 ||| INVOKING Heroism.
 12950 | Lair:5   | 12950 ||| Stepping ~*~*~tactically~*~*~ (stealth).
 13014 | Lair:5   | 13014 ||| INVOKING Heroism.
 13017 | Lair:5   | Reached skill level 11 in Fighting
 13191 | Lair:5   | Received a gift from Okawaru
 13228 | Lair:5   | 13228 ||| INVOKING Heroism.
 13248 | Lair:5   | 13248 ||| Stepping ~*~*~tactically~*~*~ (stealth).
 13250 | Lair:5   | 13250 ||| Stepping ~*~*~tactically~*~*~ (stealth).
 13250 | Lair:5   | Found a staircase to the Slime Pits.
 13251 | Lair:5   | 13251 ||| Stepping ~*~*~tactically~*~*~ (stealth).
 13270 | Lair:5   | Reached skill level 9 in Armour
 13306 | Lair:5   | Found a viscous altar of Jiyva.
 13357 | Lair:5   | 13357 ||| Stepping ~*~*~tactically~*~*~ (stealth).
 13358 | Lair:5   | 13358 ||| Stepping ~*~*~tactically~*~*~ (stealth).
 13360 | Lair:5   | 13360 ||| INVOKING Heroism.
 13383 | Lair:5   | Gained mutation: Your large and strong wings let you fly.
                  | [Gargoyle growth]
 13383 | Lair:5   | Reached XP level 14. HP: 90/90 MP: 21/21
 13429 | Lair:5   | 13429 ||| INVOKING Heroism.
 13430 | Lair:5   | 13430 ||| INVOKING Finesse.
 13434 | Lair:5   | Received a gift from Okawaru
 13507 | Lair:5   | 13507 ||| INVOKING Heroism.
 13511 | Lair:5   | 13511 ||| SWAPPING to +0 hand axe of flaming.
 13522 | Lair:5   | 13522 ||| SWAPPING to +3 broad axe of venom.
 13721 | Lair:5   | 13721 ||| Stepping ~*~*~tactically~*~*~ (hiding).
 13723 | Lair:5   | 13723 ||| Stepping ~*~*~tactically~*~*~ (hiding).
 13770 | Lair:5   | 13770 ||| Stepping ~*~*~tactically~*~*~ (hiding).
 13787 | Lair:5   | Reached skill level 6 in Throwing
 13788 | Lair:5   | 13788 ||| INVOKING Heroism.
 13799 | Lair:5   | Reached skill level 15 in Axes
 13824 | Lair:5   | 13824 ||| INVOKING Heroism.
 13847 | Lair:5   | 13847 ||| INVOKING Heroism.
 14059 | Lair:5   | Found a large runed translucent door.
 14059 | Lair:5   | Found a large runed translucent door.
 14074 | Lair:5   | 14074 ||| INVOKING Heroism.
 14161 | Lair:5   | 14161 ||| Stepping ~*~*~tactically~*~*~ (stealth).
 14287 | Lair:5   | Reached skill level 12 in Fighting
 14312 | Lair:5   | Identified the +7 plate armour "Geezus" {rElec}
 14335 | Lair:5   | Received a gift from Okawaru
 14411 | Lair:5   | 14411 ||| INVOKING Heroism.
 14412 | Lair:5   | 14412 ||| INVOKING Finesse.
 14590 | Lair:5   | 14590 ||| PLANNING D:1-11
 14590 | Lair:5   | 14590 ||| UPGRADING to +7 plate armour "Geezus" {rElec}.
 14600 | Lair:5   | 14600 ||| DROPPING +6 chain mail "Leleeli" {Dex+6}.
 14726 | D:9      | Noticed Harold
 14728 | D:9      | Noticed Erolcha
 14729 | D:9      | 14729 ||| INVOKING Heroism.
 14735 | D:9      | Killed Harold
 14757 | D:9      | 14757 ||| Stepping ~*~*~tactically~*~*~ (hiding).
 14773 | D:9      | Killed Erolcha
 14879 | D:9      | 14879 ||| Stepping ~*~*~tactically~*~*~ (stealth).
 15020 | D:9      | Found a broken altar of Ashenzari.
 15200 | D:9      | 15200 ||| READING 7 scrolls of identify.
 15200 | D:9      | 15200 ||| IDENTIFYING metallic ruby potion
 15209 | D:10     | Entered Level 10 of the Dungeon
 15262 | D:10     | 15262 ||| Stepping ~*~*~tactically~*~*~ (stealth).
 15265 | D:10     | Received a gift from Okawaru
 15344 | D:10     | Found a blossoming altar of Fedhas.
 15493 | D:10     | Found a staircase to the Orcish Mines.
 15556 | D:10     | Found Yziofrehu's Distillery.
 15587 | D:10     | 15587 ||| BUYING potion of cancellation (104 gold).
 15587 | D:10     | Bought a potion of cancellation for 104 gold pieces
 15587 | D:10     | 15587 ||| BUYING potion of curing (39 gold).
 15587 | D:10     | Bought a potion of curing for 39 gold pieces
 15587 | D:10     | 15587 ||| BUYING potion of haste (130 gold).
 15587 | D:10     | Bought a potion of haste for 130 gold pieces
 15587 | D:10     | 15587 ||| BUYING potion of might (52 gold).
 15587 | D:10     | Bought a potion of might for 52 gold pieces
 15587 | D:10     | 15587 ||| BUYING potion of might (52 gold).
 15587 | D:10     | Bought a potion of might for 52 gold pieces
 15587 | D:10     | 15587 ||| BUYING potion of might (52 gold).
 15587 | D:10     | Bought a potion of might for 52 gold pieces
 15587 | D:10     | 15587 ||| BUYING potion of resistance (130 gold).
 15587 | D:10     | Bought a potion of resistance for 130 gold pieces
 16060 | D:10     | Noticed Urug
 16061 | D:10     | 16061 ||| Stepping ~*~*~tactically~*~*~ (hiding).
 16064 | D:10     | 16064 ||| INVOKING Heroism.
 16065 | D:10     | 16065 ||| INVOKING Finesse.
 16075 | D:10     | Killed Urug
 16121 | D:10     | 16121 ||| Stepping ~*~*~tactically~*~*~ (hiding).
 16122 | D:10     | 16122 ||| Stepping ~*~*~tactically~*~*~ (hiding).
 16123 | D:10     | 16123 ||| Stepping ~*~*~tactically~*~*~ (hiding).
 16126 | D:10     | 16126 ||| Stepping ~*~*~tactically~*~*~ (hiding).
 16127 | D:10     | 16127 ||| Stepping ~*~*~tactically~*~*~ (hiding).
 16128 | D:10     | 16128 ||| Stepping ~*~*~tactically~*~*~ (hiding).
 16129 | D:10     | 16129 ||| Stepping ~*~*~tactically~*~*~ (hiding).
 16250 | D:10     | 16250 ||| READING scroll of brand weapon.
 16250 | D:10     | 16250 ||| BRANDING +3 broad axe of venom.
 16251 | D:10     | 16251 ||| DROPPING +0 hand axe of flaming.
 16296 | D:10     | Found a snail-covered altar of Cheibriados.
 16297 | D:10     | 16297 ||| READING scroll labelled UCIORY CADIN.
 16326 | D:10     | 16326 ||| FLEEEEING.
 16327 | D:10     | 16327 ||| FLEEEEING.
 16328 | D:10     | 16328 ||| Stepping ~*~*~tactically~*~*~ (hiding).
 16338 | D:10     | 16338 ||| INVOKING Heroism.
 16582 | D:11     | 16582 ||| Stepping ~*~*~tactically~*~*~ (hiding).
 16584 | D:11     | 16584 ||| Stepping ~*~*~tactically~*~*~ (hiding).
 16585 | D:11     | 16585 ||| Stepping ~*~*~tactically~*~*~ (hiding).
 16599 | D:11     | 16599 ||| Stepping ~*~*~tactically~*~*~ (hiding).
 16606 | D:11     | Found a frozen archway.
 16618 | D:11     | 16618 ||| INVOKING Heroism.
 16730 | D:11     | 16730 ||| READING scroll of brand weapon.
 16730 | D:11     | 16730 ||| BRANDING +3 broad axe of flaming.
 16998 | D:11     | 16998 ||| Stepping ~*~*~tactically~*~*~ (hiding).
 16999 | D:11     | 16999 ||| Stepping ~*~*~tactically~*~*~ (hiding).
 17000 | D:11     | 17000 ||| INVOKING Heroism.
 17025 | D:11     | Identified the ring "Touz" {rElec rF+ Str+3}
 17295 | D:11     | 17295 ||| DROPPING +0 mace.
 17438 | D:11     | 17438 ||| DROPPING +2 mace of holy wrath.
 17512 | D:11     | 17512 ||| Stepping ~*~*~tactically~*~*~ (hiding).
 17519 | D:11     | Received a gift from Okawaru
 17914 | D:11     | 17914 ||| PLANNING D
 17914 | D:11     | 17914 ||| UPGRADING to ring "Touz" {rElec rF+ Str+3}.
 17916 | D:11     | 17916 ||| DROPPING ring of protection from fire.
 17917 | D:11     | 17917 ||| DROPPING ring of fire.
 17918 | D:11     | 17918 ||| UPGRADING to +4 ring of protection.
 17920 | D:11     | 17920 ||| READING scroll labelled VUEFRO ZOUNT.
 17940 | D:12     | 17940 ||| Stepping ~*~*~tactically~*~*~ (hiding).
 17941 | D:12     | 17941 ||| Stepping ~*~*~tactically~*~*~ (hiding).
 18105 | D:12     | Reached XP level 15. HP: 96/96 MP: 22/22
 18123 | D:12     | You are sucked into a shaft and drop 2 floors!
 18140 | D:14     | 18140 ||| DROPPING +6 ring of intelligence.
 18145 | D:14     | 18145 ||| INVOKING Heroism.
 18146 | D:14     | 18146 ||| INVOKING Finesse.
 18147 | D:14     | 18147 ||| SWAPPING to +0 flail.
 18154 | D:14     | 18154 ||| SWAPPING to +3 broad axe of electrocution.
 18212 | D:12     | Noticed Kirke
 18213 | D:12     | 18213 ||| INVOKING Heroism.
 18214 | D:12     | 18214 ||| Stepping ~*~*~tactically~*~*~ (stealth).
 18227 | D:12     | Killed Kirke
 18447 | D:12     | Received a gift from Okawaru
 18501 | D:12     | 18501 ||| INVOKING Heroism.
 18520 | D:12     | Reached skill level 12 in Armour
 18534 | D:12     | 18534 ||| INVOKING Heroism.
 18929 | D:13     | 18929 ||| INVOKING Heroism.
 18950 | D:13     | Received a gift from Okawaru
 19008 | D:13     | 19008 ||| FLEEEEING.
 19009 | D:13     | 19009 ||| STAIRDANCE
 19156 | D:13     | 19156 ||| Stepping ~*~*~tactically~*~*~ (stealth).
 19164 | D:13     | 19164 ||| Stepping ~*~*~tactically~*~*~ (stealth).
 19252 | D:13     | Noticed Snorg
 19258 | D:13     | 19258 ||| INVOKING Heroism.
 19262 | D:13     | Killed Snorg
 19484 | D:13     | Noticed Azrael
 19485 | D:13     | 19485 ||| Stepping ~*~*~tactically~*~*~ (hiding).
 19492 | D:13     | 19492 ||| INVOKING Heroism.
 19493 | D:13     | 19493 ||| INVOKING Finesse.
 19503 | D:13     | Killed Azrael
 19505 | D:13     | Noticed Lodul
 19508 | D:13     | 19508 ||| Stepping ~*~*~tactically~*~*~ (hiding).
 19508 | D:13     | Noticed Josephine
 19516 | D:13     | Killed Josephine
 19521 | D:13     | Killed Lodul
 19764 | D:13     | 19764 ||| UPGRADING to +0 kite shield.
 19774 | D:13     | 19774 ||| DROPPING +0 buckler.
 19775 | D:13     | 19775 ||| DRINKING 2 golden potions.
 19776 | D:13     | 19776 ||| DRINKING 8 potions of curing.
 19776 | D:13     | 19776 ||| (to cure confusion)
 19777 | D:13     | 19777 ||| DROPPING potion of ambrosia.
 19810 | D:14     | 19810 ||| INVOKING Heroism.
 19989 | D:14     | 19989 ||| Stepping ~*~*~tactically~*~*~ (hiding).
 19991 | D:14     | 19991 ||| Stepping ~*~*~tactically~*~*~ (hiding).
 20066 | D:14     | Received a gift from Okawaru
 20115 | D:14     | Reached skill level 9 in Shields
 20116 | D:14     | Received a gift from Okawaru
 20213 | D:14     | 20213 ||| INVOKING Heroism.
 20291 | D:14     | 20291 ||| Stepping ~*~*~tactically~*~*~ (hiding).
 20292 | D:14     | 20292 ||| INVOKING Heroism.
 20293 | D:14     | 20293 ||| SWAPPING to +0 flail.
 20294 | D:14     | 20294 ||| INVOKING Finesse.
 20302 | D:14     | 20302 ||| SWAPPING to +3 broad axe of electrocution.
 20350 | D:14     | Found a gate to the Vaults.
 20431 | D:14     | 20431 ||| Stepping ~*~*~tactically~*~*~ (hiding).
 20432 | D:14     | 20432 ||| Stepping ~*~*~tactically~*~*~ (hiding).
 20440 | D:14     | 20440 ||| INVOKING Heroism.
 20730 | D:14     | 20730 ||| Stepping ~*~*~tactically~*~*~ (stealth).
 20732 | D:14     | 20732 ||| INVOKING Heroism.
 20811 | D:14     | Received a gift from Okawaru
 20813 | D:14     | 20813 ||| DROPPING +1 heavy broad axe.
 20830 | D:14     | 20830 ||| Stepping ~*~*~tactically~*~*~ (hiding).
 20838 | D:14     | Reached XP level 16. HP: 88/101 MP: 23/23
 20945 | D:14     | 20945 ||| Stepping ~*~*~tactically~*~*~ (stealth).
 21121 | D:14     | 21121 ||| READING scroll of enchant weapon.
 21121 | D:14     | 21121 ||| ENCHANTING +3 broad axe of electrocution.
 21179 | D:14     | 21179 ||| Stepping ~*~*~tactically~*~*~ (stealth).
 21188 | D:14     | 21188 ||| INVOKING Heroism.
 21189 | D:14     | 21189 ||| SWAPPING to +0 flail.
 21190 | D:14     | 21190 ||| INVOKING Finesse.
 21198 | D:14     | 21198 ||| SWAPPING to +4 broad axe of electrocution.
 21365 | D:14     | 21365 ||| UPGRADING to +2 kite shield of positive energy.
 21375 | D:14     | 21375 ||| DROPPING +0 kite shield.
 21376 | D:14     | 21376 ||| DROPPING amulet of the acrobat.
 21400 | D:15     | Entered Level 15 of the Dungeon
 21413 | D:15     | 21413 ||| Stepping ~*~*~tactically~*~*~ (stealth).
 21416 | D:15     | Reached skill level 12 in Shields
 21416 | D:15     | 21416 ||| INVOKING Heroism.
 21555 | D:15     | 21555 ||| INVOKING Heroism.
 21578 | D:15     | Found a staircase to the Depths.
 21606 | D:15     | 21606 ||| INVOKING Heroism.
 21648 | D:15     | 21648 ||| Stepping ~*~*~tactically~*~*~ (hiding).
 22188 | D:15     | 22188 ||| Stepping ~*~*~tactically~*~*~ (hiding).
 22196 | D:15     | 22196 ||| Stepping ~*~*~tactically~*~*~ (hiding).
 22312 | D:15     | 22312 ||| Stepping ~*~*~tactically~*~*~ (stealth).
 22315 | D:15     | 22315 ||| READING 5 scrolls of teleportation.
 22316 | D:15     | 22316 ||| INVOKING Heroism.
 22513 | D:15     | 22513 ||| PLANNING ORC
 22607 | Orc:1    | Entered Level 1 of the Orcish Mines
 22626 | Orc:1    | 22626 ||| Stepping ~*~*~tactically~*~*~ (hiding).
 22628 | Orc:1    | 22628 ||| Stepping ~*~*~tactically~*~*~ (hiding).
 22633 | Orc:1    | 22633 ||| INVOKING Heroism.
 22645 | Orc:1    | 22645 ||| Stepping ~*~*~tactically~*~*~ (hiding).
 22649 | Orc:1    | 22649 ||| INVOKING Heroism.
 22653 | Orc:1    | Received a gift from Okawaru
 22663 | Orc:1    | 22663 ||| DRINKING 8 potions of curing.
 22663 | Orc:1    | 22663 ||| (to cure confusion)
 22792 | Orc:2    | Entered Level 2 of the Orcish Mines
 22819 | Orc:1    | 22819 ||| Stepping ~*~*~tactically~*~*~ (stealth).
 22820 | Orc:1    | 22820 ||| Stepping ~*~*~tactically~*~*~ (hiding).
 22831 | Orc:1    | 22831 ||| Stepping ~*~*~tactically~*~*~ (hiding).
 23188 | Orc:1    | Found a burning altar of Makhleb.
 23348 | Orc:2    | 23348 ||| INVOKING Heroism.
 23399 | Orc:2    | Found a large runed translucent door.
 23400 | Orc:2    | Found a large runed translucent door.
 23406 | Orc:2    | Noticed qw's ghost (journeyman GrFi)
 23679 | Orc:2    | 23679 ||| Stepping ~*~*~tactically~*~*~ (stealth).
 23681 | Orc:2    | 23681 ||| Stepping ~*~*~tactically~*~*~ (stealth).
 23683 | Orc:2    | 23683 ||| Stepping ~*~*~tactically~*~*~ (hiding).
 23733 | Orc:2    | Found a staircase to the Elven Halls.
 23784 | Orc:2    | 23784 ||| Stepping ~*~*~tactically~*~*~ (hiding).
 23894 | Orc:2    | 23894 ||| DROPPING +0 flail.
 23895 | Orc:2    | Found Igicew's Magic Scroll Shoppe.
 23897 | Orc:2    | 23897 ||| INVOKING Heroism.
 23908 | Orc:2    | Reached skill level 13 in Fighting
 23951 | Orc:2    | 23951 ||| Stepping ~*~*~tactically~*~*~ (hiding).
 23972 | Orc:2    | 23972 ||| INVOKING Heroism.
 24042 | Orc:2    | 24042 ||| Stepping ~*~*~tactically~*~*~ (stealth).
 24063 | Orc:2    | 24063 ||| Stepping ~*~*~tactically~*~*~ (stealth).
 24063 | Orc:2    | Found Jois Dod's Armour Shop.
 24064 | Orc:2    | 24064 ||| Stepping ~*~*~tactically~*~*~ (stealth).
 24071 | Orc:2    | 24071 ||| BUYING scroll of brand weapon (161 gold).
 24071 | Orc:2    | Bought a scroll of brand weapon for 161 gold pieces
 24071 | Orc:2    | 24071 ||| Stepping ~*~*~tactically~*~*~ (stealth).
 24072 | Orc:2    | 24072 ||| READING scroll of brand weapon.
 24072 | Orc:2    | 24072 ||| BRANDING +4 broad axe of electrocution.
 24075 | Orc:2    | 24075 ||| BUYING +1 plate armour of fire resistance (455
                  | gold).
 24075 | Orc:2    | Bought a +1 plate armour of fire resistance for 455 gold
                  | pieces
 24075 | Orc:2    | 24075 ||| BUYING +2 pair of gloves (214 gold).
 24075 | Orc:2    | Bought a +2 pair of gloves for 214 gold pieces
 24075 | Orc:2    | Found Deud's Jewellery Shop.
 24077 | Orc:2    | Found Ciustime's General Store.
 24079 | Orc:2    | 24079 ||| Stepping ~*~*~tactically~*~*~ (hiding).
 24084 | Orc:2    | 24084 ||| INVOKING Heroism.
 24089 | Orc:2    | Received a gift from Okawaru
 24231 | Orc:2    | 24231 ||| PLANNING SNAKE:1-3
 24231 | Orc:2    | 24231 ||| UPGRADING to +2 pair of gloves.
 24241 | Orc:2    | 24241 ||| DROPPING +0 pair of gloves.
 24375 | Snake:1  | Entered Level 1 of the Snake Pit
 24381 | Snake:1  | 24381 ||| STAIRDANCE
 24383 | Snake:1  | 24383 ||| STAIRDANCE
 24450 | Snake:1  | 24450 ||| INVOKING Heroism.
 24501 | Snake:1  | 24501 ||| Stepping ~*~*~tactically~*~*~ (stealth).
 24640 | Snake:1  | 24640 ||| INVOKING Heroism.
 24656 | Snake:1  | Reached skill level 18 in Axes
 24742 | Snake:1  | 24742 ||| INVOKING Heroism.
 24830 | Snake:1  | Noticed Aizul
 24831 | Snake:1  | 24831 ||| INVOKING Heroism.
 24841 | Snake:1  | Killed Aizul
 24849 | Snake:1  | Reached XP level 17. HP: 108/108 MP: 24/24
 25169 | Snake:1  | Received a gift from Okawaru
 25438 | Snake:1  | 25438 ||| READING scroll labelled PIHOTT AQAYM.
 25530 | Snake:2  | 25530 ||| Stepping ~*~*~tactically~*~*~ (hiding).
 25554 | Snake:2  | 25554 ||| INVOKING Heroism.
 25712 | Snake:2  | 25712 ||| INVOKING Heroism.
 25758 | Snake:2  | Noticed Frances
 25759 | Snake:2  | 25759 ||| INVOKING Heroism.
 25766 | Snake:2  | HP: 21/110 [Frances/iron shot (24)]
 25767 | Snake:2  | 25767 ||| READING 4 scrolls of teleportation.
 25768 | Snake:2  | 25768 ||| DRINKING 4 potions of heal wounds.
 25772 | Snake:2  | 25772 ||| INVOKING Heroism.
 25968 | Snake:2  | 25968 ||| Stepping ~*~*~tactically~*~*~ (hiding).
 25977 | Snake:2  | 25977 ||| INVOKING Heroism.
 26204 | Snake:2  | Found Loje's Vocational Training.
 26288 | Snake:2  | 26288 ||| Stepping ~*~*~tactically~*~*~ (stealth).
 26289 | Snake:2  | 26289 ||| Stepping ~*~*~tactically~*~*~ (stealth).
 26318 | Snake:2  | 26318 ||| Stepping ~*~*~tactically~*~*~ (hiding).
 26320 | Snake:2  | 26320 ||| INVOKING Heroism.
 26325 | Snake:2  | Reached skill level 14 in Fighting
 26355 | Snake:2  | Identified Roxanne's Parchment of Configuration
 26355 | Snake:2  | Noticed Roxanne
 26356 | Snake:2  | 26356 ||| INVOKING Heroism.
 26364 | Snake:2  | Killed Roxanne
 26656 | Snake:2  | Received a gift from Okawaru
 26762 | Snake:2  | 26762 ||| Stepping ~*~*~tactically~*~*~ (stealth).
 26763 | Snake:2  | 26763 ||| Stepping ~*~*~tactically~*~*~ (stealth).
 26769 | Snake:2  | 26769 ||| INVOKING Heroism.
 26777 | Snake:2  | Killed Frances
 26901 | Snake:2  | 26901 ||| Stepping ~*~*~tactically~*~*~ (hiding).
 27056 | Snake:2  | 27056 ||| READING scroll of enchant weapon.
 27056 | Snake:2  | 27056 ||| ENCHANTING +4 heavy broad axe.
 27398 | Snake:3  | 27398 ||| INVOKING Heroism.
 27411 | Snake:3  | Received a gift from Okawaru
 27421 | Snake:3  | 27421 ||| INVOKING Heroism.
 27652 | Snake:3  | 27652 ||| FLEEEEING.
 27653 | Snake:3  | 27653 ||| FLEEEEING.
 27654 | Snake:3  | 27654 ||| FLEEEEING.
 27744 | Snake:3  | 27744 ||| Stepping ~*~*~tactically~*~*~ (hiding).
 27821 | Snake:3  | 27821 ||| INVOKING Heroism.
 27926 | Snake:3  | Reached skill level 15 in Fighting
 27932 | Snake:3  | 27932 ||| INVOKING Heroism.
 27945 | Snake:3  | Received a gift from Okawaru
 28098 | Snake:3  | 28098 ||| INVOKING Heroism.
 28174 | Snake:3  | Found Hofroola's Tiny Tomes.
 28209 | Snake:3  | 28209 ||| Stepping ~*~*~tactically~*~*~ (hiding).
 28210 | Snake:3  | 28210 ||| Stepping ~*~*~tactically~*~*~ (hiding).
 28211 | Snake:3  | 28211 ||| INVOKING Heroism.
 28374 | Snake:3  | 28374 ||| PLANNING SHOALS:1-3
 28374 | Snake:3  | 28374 ||| READING 12 scrolls of identify.
 28374 | Snake:3  | 28374 ||| IDENTIFYING yellow potion
 28468 | Shoals:1 | Entered Level 1 of the Shoals
 28490 | Shoals:1 | 28490 ||| INVOKING Heroism.
 28763 | Shoals:1 | 28763 ||| Stepping ~*~*~tactically~*~*~ (stealth).
 28764 | Shoals:1 | 28764 ||| INVOKING Heroism.
 28869 | Shoals:1 | 28869 ||| FLEEEEING.
 28880 | Shoals:1 | 28880 ||| INVOKING Heroism.
 28885 | Shoals:1 | Reached skill level 15 in Shields
 28885 | Shoals:1 | Reached XP level 18. HP: 93/119 MP: 23/25
 28984 | Shoals:1 | 28984 ||| DROPPING +0 flail of protection.
 29141 | Shoals:1 | Found a runed translucent gate.
 29142 | Shoals:1 | Found a runed translucent gate.
 29143 | Shoals:1 | Found a runed translucent gate.
 29623 | Shoals:2 | Identified the +0 pair of gloves "Avikus" {Int+3} (Okawaru
                  | gifted it to you on level 2 of the Shoals)
 29623 | Shoals:2 | Received a gift from Okawaru
 29733 | Shoals:2 | Found Nokheimm's Antique Armour Boutique.
 29817 | Shoals:2 | 29817 ||| BUYING cloak (153 gold).
 29817 | Shoals:2 | Bought a cloak for 153 gold pieces
 29817 | Shoals:2 | 29817 ||| BUYING pair of crude gloves (323 gold).
 29817 | Shoals:2 | Bought a pair of crude gloves for 323 gold pieces
 29817 | Shoals:2 | Identified the +0 pair of gloves of Apathy {rN+ Will+
                  | Regen+} (You bought it in a shop on level 2 of the Shoals)
 29817 | Shoals:2 | 29817 ||| BUYING ruby-encrusted plate armour (952 gold).
 29817 | Shoals:2 | Bought a ruby-encrusted plate armour for 952 gold pieces
 29817 | Shoals:2 | Identified the +13 plate armour of the Lair of Beasts
                  | {Contam Int+3 Dex+4} (You bought it in a shop on level 2 of
                  | the Shoals)
 29823 | Shoals:2 | Reached skill level 16 in Fighting
 29966 | Shoals:2 | Identified the +8 falchion "Tyuskaot" {spect, rC+ Str+7}
 30117 | Shoals:2 | 30117 ||| Stepping ~*~*~tactically~*~*~ (cloud).
 30118 | Shoals:2 | 30118 ||| INVOKING Heroism.
 30121 | Shoals:2 | 30121 ||| Stepping ~*~*~tactically~*~*~ (cloud).
 30127 | Shoals:2 | HP: 28/120 [ice dragon/blast of cold (4)]
 30128 | Shoals:2 | 30128 ||| READING 5 scrolls of teleportation.
 30129 | Shoals:2 | 30129 ||| DRINKING 4 potions of heal wounds.
 30386 | Shoals:2 | 30386 ||| Stepping ~*~*~tactically~*~*~ (cloud).
 30388 | Shoals:2 | 30388 ||| Stepping ~*~*~tactically~*~*~ (cloud).
 30390 | Shoals:2 | 30390 ||| Stepping ~*~*~tactically~*~*~ (cloud).
 30391 | Shoals:2 | 30391 ||| INVOKING Heroism.
 30829 | Shoals:2 | 30829 ||| DROPPING +0 pair of gloves "Avikus" {Int+3}.
 30830 | Shoals:2 | 30830 ||| DROPPING +1 plate armour of fire resistance.
 30831 | Shoals:2 | 30831 ||| UPGRADING to +0 pair of gloves of Apathy {rN+
                  | Will+ Regen+}.
 30841 | Shoals:2 | 30841 ||| DROPPING +2 pair of gloves.
 30842 | Shoals:2 | 30842 ||| UPGRADING to +13 plate armour of the Lair of
                  | Beasts {Contam Int+3 Dex+4}.
 30852 | Shoals:2 | 30852 ||| DROPPING +7 plate armour "Geezus" {rElec}.
 30913 | Shoals:3 | 30913 ||| READING scroll of enchant armour.
 30913 | Shoals:3 | 30913 ||| ENCHANTING +0 helmet.
 30931 | Shoals:3 | Noticed Polyphemus
 30932 | Shoals:3 | 30932 ||| INVOKING Heroism.
 30942 | Shoals:3 | Killed Polyphemus
 31028 | Shoals:3 | 31028 ||| Stepping ~*~*~tactically~*~*~ (hiding).
 31079 | Shoals:3 | Reached skill level 15 in Armour
 31217 | Shoals:3 | 31217 ||| INVOKING Heroism.
 31308 | Shoals:3 | 31308 ||| Stepping ~*~*~tactically~*~*~ (hiding).
 31309 | Shoals:3 | 31309 ||| Stepping ~*~*~tactically~*~*~ (hiding).
 31310 | Shoals:3 | 31310 ||| Stepping ~*~*~tactically~*~*~ (hiding).
 31312 | Shoals:3 | 31312 ||| INVOKING Heroism.
 31354 | Shoals:3 | Reached skill level 6 in Dodging
 31357 | Shoals:3 | 31357 ||| INVOKING Heroism.
 31680 | Shoals:3 | 31680 ||| INVOKING Heroism.
 31701 | Shoals:3 | 31701 ||| PLANNING SNAKE:4
 31892 | Snake:4  | Entered Level 4 of the Snake Pit
 31893 | Snake:4  | 31893 ||| INVOKING Heroism.
 31977 | Snake:4  | 31977 ||| INVOKING Heroism.
 31985 | Snake:4  | Reached skill level 17 in Fighting
 32050 | Snake:4  | 32050 ||| Stepping ~*~*~tactically~*~*~ (hiding).
 32051 | Snake:4  | 32051 ||| Stepping ~*~*~tactically~*~*~ (hiding).
 32054 | Snake:4  | 32054 ||| INVOKING Heroism.
 32088 | Snake:4  | 32088 ||| Stepping ~*~*~tactically~*~*~ (hiding).
 32089 | Snake:4  | 32089 ||| Stepping ~*~*~tactically~*~*~ (hiding).
 32094 | Snake:4  | 32094 ||| INVOKING Heroism.
 32124 | Snake:4  | Noticed Vashnia
 32125 | Snake:4  | 32125 ||| Stepping ~*~*~tactically~*~*~ (hiding).
 32145 | Snake:4  | Killed Vashnia
 32152 | Snake:4  | 32152 ||| INVOKING Heroism.
 32168 | Snake:4  | Reached XP level 19. HP: 98/128 MP: 26/26
 32172 | Snake:4  | 32172 ||| Stepping ~*~*~tactically~*~*~ (stealth).
 32173 | Snake:4  | 32173 ||| Stepping ~*~*~tactically~*~*~ (hiding).
 32176 | Snake:4  | 32176 ||| Stepping ~*~*~tactically~*~*~ (stealth).
 32183 | Snake:4  | 32183 ||| Stepping ~*~*~tactically~*~*~ (hiding).
 32185 | Snake:4  | 32185 ||| Stepping ~*~*~tactically~*~*~ (stealth).
 32226 | Snake:4  | 32226 ||| Stepping ~*~*~tactically~*~*~ (hiding).
 32228 | Snake:4  | 32228 ||| Stepping ~*~*~tactically~*~*~ (hiding).
 32245 | Snake:4  | 32245 ||| Stepping ~*~*~tactically~*~*~ (stealth).
 32250 | Snake:4  | 32250 ||| INVOKING Heroism.
 32296 | Snake:4  | 32296 ||| Stepping ~*~*~tactically~*~*~ (hiding).
 32478 | Snake:4  | 32478 ||| Stepping ~*~*~tactically~*~*~ (hiding).
 32486 | Snake:4  | 32486 ||| Stepping ~*~*~tactically~*~*~ (hiding).
 32576 | Snake:4  | 32576 ||| INVOKING Heroism.
 32614 | Snake:4  | 32614 ||| Stepping ~*~*~tactically~*~*~ (hiding).
 32615 | Snake:4  | 32615 ||| Stepping ~*~*~tactically~*~*~ (hiding).
 32616 | Snake:4  | 32616 ||| Stepping ~*~*~tactically~*~*~ (hiding).
 32674 | Snake:4  | 32674 ||| INVOKING Heroism.
 32703 | Snake:4  | 32703 ||| READING 3 scrolls of enchant weapon.
 32703 | Snake:4  | 32703 ||| ENCHANTING +5 heavy broad axe.
 32704 | Snake:4  | 32704 ||| READING 2 scrolls of enchant weapon.
 32704 | Snake:4  | 32704 ||| ENCHANTING +6 heavy broad axe.
 32705 | Snake:4  | 32705 ||| READING scroll of enchant weapon.
 32705 | Snake:4  | 32705 ||| ENCHANTING +7 heavy broad axe.
 32723 | Snake:4  | 32723 ||| Stepping ~*~*~tactically~*~*~ (hiding).
 32725 | Snake:4  | 32725 ||| Stepping ~*~*~tactically~*~*~ (hiding).
 32728 | Snake:4  | 32728 ||| Stepping ~*~*~tactically~*~*~ (hiding).
 32729 | Snake:4  | 32729 ||| INVOKING Heroism.
 32764 | Snake:4  | HP: 30/128 [naga warrior/+0 glaive (19)]
 32765 | Snake:4  | 32765 ||| READING 5 scrolls of teleportation.
 32766 | Snake:4  | 32766 ||| DRINKING 7 potions of heal wounds.
 32767 | Snake:4  | 32767 ||| INVOKING Heroism.
 32861 | Snake:4  | Got a serpentine rune of Zot
 32888 | Snake:4  | 32888 ||| Stepping ~*~*~tactically~*~*~ (stealth).
 32892 | Snake:4  | 32892 ||| INVOKING Heroism.
 33014 | Snake:4  | 33014 ||| PLANNING VAULTS:1-4
 33014 | Snake:4  | 33014 ||| DROPPING scarf of shadows.
 33262 | Vaults:1 | Entered Level 1 of the Vaults
 33334 | Vaults:1 | 33334 ||| INVOKING Heroism.
 33350 | Vaults:1 | Received a gift from Okawaru
 33392 | Vaults:1 | 33392 ||| Stepping ~*~*~tactically~*~*~ (stealth).
 33397 | Vaults:1 | 33397 ||| Stepping ~*~*~tactically~*~*~ (stealth).
 33398 | Vaults:1 | 33398 ||| Stepping ~*~*~tactically~*~*~ (stealth).
 33436 | Vaults:1 | 33436 ||| Invisibility monster not found???
 33443 | Vaults:1 | Received a gift from Okawaru
 33491 | Vaults:1 | 33491 ||| INVOKING Heroism.
 33496 | Vaults:1 | a rockslime changed into a golden dragon
 33496 | Vaults:1 | Noticed a golden dragon (glowing shapeshifter)
 33499 | Vaults:1 | a golden dragon changed into a juggernaut
 33499 | Vaults:1 | Noticed a juggernaut (glowing shapeshifter)
 33508 | Vaults:1 | Killed a juggernaut
 33509 | Vaults:1 | Reached skill level 18 in Fighting
 33509 | Vaults:1 | 33509 ||| INVOKING Finesse.
 33519 | Vaults:1 | 33519 ||| FLEEEEING.
 33520 | Vaults:1 | 33520 ||| FLEEEEING.
 33521 | Vaults:1 | 33521 ||| FLEEEEING.
 33526 | Vaults:1 | 33526 ||| FLEEEEING.
 33527 | Vaults:1 | 33527 ||| FLEEEEING.
 33528 | Vaults:1 | 33528 ||| FLEEEEING.
 33529 | Vaults:1 | 33529 ||| FLEEEEING.
 33530 | Vaults:1 | 33530 ||| FLEEEEING.
 33531 | Vaults:1 | 33531 ||| FLEEEEING.
 33532 | Vaults:1 | 33532 ||| FLEEEEING.
 33533 | Vaults:1 | 33533 ||| FLEEEEING.
 33534 | Vaults:1 | 33534 ||| FLEEEEING.
 33535 | Vaults:1 | 33535 ||| FLEEEEING.
 33536 | Vaults:1 | 33536 ||| FLEEEEING.
 33537 | Vaults:1 | 33537 ||| FLEEEEING.
 33538 | Vaults:1 | 33538 ||| FLEEEEING.
 33539 | Vaults:1 | 33539 ||| FLEEEEING.
 33540 | Vaults:1 | 33540 ||| FLEEEEING.
 33542 | Vaults:1 | 33542 ||| Stepping ~*~*~tactically~*~*~ (hiding).
 33784 | Vaults:1 | 33784 ||| Stepping ~*~*~tactically~*~*~ (hiding).
 33789 | Vaults:1 | Found Ragus's Armour Shop.
 33908 | Vaults:1 | 33908 ||| READING scroll of enchant armour.
 33908 | Vaults:1 | 33908 ||| ENCHANTING +1 helmet.
 33922 | Vaults:1 | 33922 ||| INVOKING Finesse.
 34001 | Vaults:1 | 34001 ||| Stepping ~*~*~tactically~*~*~ (stealth).
 34043 | Vaults:1 | Found Guc Wafua's Weapon Emporium.
 34049 | Vaults:1 | Received a gift from Okawaru
 34119 | Vaults:1 | Found a large runed translucent door.
 34119 | Vaults:1 | Found a large runed translucent door.
 34121 | Vaults:1 | Noticed qw's ghost (adept GrFi)
 34301 | Vaults:1 | 34301 ||| INVOKING Heroism.
 34432 | Vaults:1 | Reached XP level 20. HP: 136/136 MP: 27/27
 34665 | Vaults:1 | 34665 ||| DROPPING amulet of faith.
 34666 | Vaults:1 | 34666 ||| DROPPING ring of magical power.
 34760 | Vaults:2 | 34760 ||| FLEEEEING.
 34761 | Vaults:2 | 34761 ||| FLEEEEING.
 34762 | Vaults:2 | 34762 ||| FLEEEEING.
 34763 | Vaults:2 | 34763 ||| FLEEEEING.
 34764 | Vaults:2 | 34764 ||| FLEEEEING.
 34771 | Vaults:2 | 34771 ||| FLEEEEING.
 34772 | Vaults:2 | 34772 ||| FLEEEEING.
 34773 | Vaults:2 | 34773 ||| FLEEEEING.
 34774 | Vaults:2 | 34774 ||| FLEEEEING.
 34775 | Vaults:2 | 34775 ||| FLEEEEING.
 34776 | Vaults:2 | 34776 ||| FLEEEEING.
 34777 | Vaults:2 | 34777 ||| FLEEEEING.
 34778 | Vaults:2 | 34778 ||| FLEEEEING.
 34782 | Vaults:2 | 34782 ||| FLEEEEING.
 34783 | Vaults:2 | 34783 ||| FLEEEEING.
 34790 | Vaults:2 | Identified the +2 pair of gloves of Vuoschib {+Blink rElec}
                  | (Okawaru gifted it to you on level 2 of the Vaults)
 34790 | Vaults:2 | Received a gift from Okawaru
 34792 | Vaults:2 | 34792 ||| FLEEEEING.
 34821 | Vaults:2 | Reached skill level 9 in Throwing
 34965 | Vaults:2 | 34965 ||| Stepping ~*~*~tactically~*~*~ (hiding).
 35146 | Vaults:2 | 35146 ||| Stepping ~*~*~tactically~*~*~ (stealth).
 35156 | Vaults:2 | 35156 ||| Stepping ~*~*~tactically~*~*~ (stealth).
 35157 | Vaults:2 | 35157 ||| Stepping ~*~*~tactically~*~*~ (stealth).
 35296 | Vaults:2 | 35296 ||| INVOKING Heroism.
 35388 | Vaults:2 | 35388 ||| Stepping ~*~*~tactically~*~*~ (stealth).
 35390 | Vaults:2 | 35390 ||| Stepping ~*~*~tactically~*~*~ (stealth).
 35392 | Vaults:2 | 35392 ||| Stepping ~*~*~tactically~*~*~ (stealth).
 35466 | Vaults:2 | 35466 ||| Stepping ~*~*~tactically~*~*~ (hiding).
 35994 | Vaults:2 | 35994 ||| DROPPING +2 pair of gloves of Vuoschib {+Blink
                  | rElec}.
 35995 | Vaults:2 | 35995 ||| DROPPING +6 ring of strength.
 35996 | Vaults:2 | 35996 ||| DROPPING +4 ring of slaying {mikee}.
 35997 | Vaults:2 | 35997 ||| UPGRADING to +5 ring of evasion.
 35999 | Vaults:2 | 35999 ||| UPGRADING to ring "Touz" {rElec rF+ Str+3}.
 36103 | Vaults:3 | Reached skill level 19 in Fighting
 36147 | Vaults:3 | 36147 ||| FLEEEEING.
 36151 | Vaults:3 | 36151 ||| FLEEEEING.
 36152 | Vaults:3 | 36152 ||| FLEEEEING.
 36153 | Vaults:3 | 36153 ||| Stepping ~*~*~tactically~*~*~ (hiding).
 36154 | Vaults:3 | 36154 ||| Stepping ~*~*~tactically~*~*~ (hiding).
 36277 | Vaults:3 | 36277 ||| Stepping ~*~*~tactically~*~*~ (hiding).
 36285 | Vaults:3 | 36285 ||| Stepping ~*~*~tactically~*~*~ (hiding).
 36297 | Vaults:3 | 36297 ||| INVOKING Finesse.
 36341 | Vaults:3 | 36341 ||| Stepping ~*~*~tactically~*~*~ (hiding).
 36382 | Vaults:3 | 36382 ||| Stepping ~*~*~tactically~*~*~ (hiding).
 36435 | Vaults:3 | 36435 ||| Stepping ~*~*~tactically~*~*~ (hiding).
 36445 | Vaults:3 | 36445 ||| FLEEEEING.
 36655 | Vaults:3 | 36655 ||| Stepping ~*~*~tactically~*~*~ (stealth).
 36657 | Vaults:3 | 36657 ||| Stepping ~*~*~tactically~*~*~ (hiding).
 36659 | Vaults:3 | 36659 ||| Stepping ~*~*~tactically~*~*~ (hiding).
 36680 | Vaults:3 | 36680 ||| Stepping ~*~*~tactically~*~*~ (hiding).
 36687 | Vaults:3 | 36687 ||| Stepping ~*~*~tactically~*~*~ (hiding).
 36688 | Vaults:3 | 36688 ||| Stepping ~*~*~tactically~*~*~ (stealth).
 36696 | Vaults:3 | 36696 ||| Stepping ~*~*~tactically~*~*~ (hiding).
 36737 | Vaults:3 | 36737 ||| Stepping ~*~*~tactically~*~*~ (hiding).
 36808 | Vaults:3 | Identified the +7 plate armour "Bopli" {+Inv rPois Str+3
                  | Stlth-} (Okawaru gifted it to you on level 3 of the Vaults)
 36808 | Vaults:3 | Received a gift from Okawaru
 36821 | Vaults:3 | Reached skill level 18 in Armour
 37007 | Vaults:3 | 37007 ||| INVOKING Heroism.
 37024 | Vaults:3 | 37024 ||| INVOKING Heroism.
 37223 | Vaults:3 | 37223 ||| INVOKING Heroism.
 37224 | Vaults:3 | 37224 ||| INVOKING Finesse.
 37225 | Vaults:3 | Found a gateway to a bazaar.
 37225 | Vaults:3 | 37225 ||| PLANNING BAZAAR
 37231 | Bazaar   | Entered a bazaar
 37262 | Bazaar   | Found Wioruran's Jewellery Boutique.
 37284 | Bazaar   | Found Hixei's Jewellery Emporium.
 37289 | Bazaar   | 37289 ||| BUYING +5 ring of evasion (396 gold).
 37289 | Bazaar   | Bought a +5 ring of evasion for 396 gold pieces
 37289 | Bazaar   | 37289 ||| BUYING ring "Plog" {rCorr Dex+6} (534 gold).
 37289 | Bazaar   | Bought the ring "Plog" {rCorr Dex+6} for 534 gold pieces
 37305 | Bazaar   | Found Rinaze's Book Boutique.
 37325 | Bazaar   | Found Dihulinn's Antique Armour Shoppe.
 37331 | Bazaar   | 37331 ||| BUYING pair of runed gloves (202 gold).
 37331 | Bazaar   | Bought a pair of runed gloves for 202 gold pieces
 37344 | Bazaar   | 37344 ||| DROPPING +1 pair of gloves of stealth.
 37345 | Bazaar   | 37345 ||| UPGRADING to +5 ring of evasion.
 37347 | Bazaar   | 37347 ||| DROPPING +4 ring of protection.
 37367 | Vaults:3 | 37367 ||| PLANNING VAULTS:1-4
 37508 | Vaults:3 | 37508 ||| Stepping ~*~*~tactically~*~*~ (stealth).
 37588 | Vaults:3 | 37588 ||| FLEEEEING.
 37589 | Vaults:3 | 37589 ||| FLEEEEING.
 37719 | Vaults:3 | 37719 ||| Stepping ~*~*~tactically~*~*~ (hiding).
 37720 | Vaults:3 | 37720 ||| Stepping ~*~*~tactically~*~*~ (hiding).
 37721 | Vaults:3 | 37721 ||| Stepping ~*~*~tactically~*~*~ (hiding).
 37807 | Vaults:3 | Found a staircase to the Crypt.
 37807 | Vaults:3 | Found an ancient bone altar of Kikubaaqudgha.
 37808 | Vaults:3 | Found a basalt altar of Yredelemnul.
 37899 | Vaults:4 | 37899 ||| Stepping ~*~*~tactically~*~*~ (hiding).
 37901 | Vaults:4 | 37901 ||| Stepping ~*~*~tactically~*~*~ (hiding).
 38047 | Vaults:4 | 38047 ||| Stepping ~*~*~tactically~*~*~ (hiding).
 38048 | Vaults:4 | 38048 ||| Stepping ~*~*~tactically~*~*~ (hiding).
 38049 | Vaults:4 | 38049 ||| Stepping ~*~*~tactically~*~*~ (hiding).
 38050 | Vaults:4 | 38050 ||| Stepping ~*~*~tactically~*~*~ (hiding).
 38051 | Vaults:4 | 38051 ||| Stepping ~*~*~tactically~*~*~ (hiding).
 38232 | Vaults:4 | 38232 ||| Stepping ~*~*~tactically~*~*~ (stealth).
 38241 | Vaults:4 | Reached skill level 20 in Fighting
 38264 | Vaults:4 | Reached XP level 21. HP: 146/146 MP: 28/28
 38293 | Vaults:4 | 38293 ||| Stepping ~*~*~tactically~*~*~ (hiding).
 38295 | Vaults:4 | 38295 ||| Stepping ~*~*~tactically~*~*~ (hiding).
 38303 | Vaults:4 | 38303 ||| INVOKING Heroism.
 38319 | Vaults:4 | 38319 ||| INVOKING Finesse.
 38535 | Vaults:4 | 38535 ||| Stepping ~*~*~tactically~*~*~ (hiding).
 38607 | Vaults:4 | 38607 ||| Stepping ~*~*~tactically~*~*~ (stealth).
 38609 | Vaults:4 | 38609 ||| Stepping ~*~*~tactically~*~*~ (stealth).
 38669 | Vaults:4 | 38669 ||| Stepping ~*~*~tactically~*~*~ (hiding).
 38914 | Vaults:4 | 38914 ||| Stepping ~*~*~tactically~*~*~ (hiding).
 38918 | Vaults:4 | 38918 ||| INVOKING Finesse.
 38985 | Vaults:4 | 38985 ||| Stepping ~*~*~tactically~*~*~ (stealth).
 38994 | Vaults:4 | 38994 ||| Stepping ~*~*~tactically~*~*~ (stealth).
 39011 | Vaults:4 | Received a gift from Okawaru
 39132 | Vaults:4 | 39132 ||| Stepping ~*~*~tactically~*~*~ (hiding).
 39135 | Vaults:4 | 39135 ||| INVOKING Heroism.
 39140 | Vaults:4 | Identified the +5 eveningstar of Watchfulness {spect, Fly
                  | Will++ Str-2 Dex+2} (Okawaru gifted it to you on level 4 of
                  | the Vaults)
 39140 | Vaults:4 | Received a gift from Okawaru
 39298 | Vaults:4 | 39298 ||| PLANNING SHOALS:4
 39673 | Shoals:4 | Entered Level 4 of the Shoals
 39729 | Shoals:4 | Identified the staff of cold "Quofeiwk" {Fly rF+ rC+ Str+4}
 39741 | Shoals:4 | 39741 ||| INVOKING Heroism.
 39742 | Shoals:4 | 39742 ||| INVOKING Finesse.
 39785 | Shoals:4 | 39785 ||| INVOKING Heroism.
 39844 | Shoals:4 | Received a gift from Okawaru
 39873 | Shoals:4 | 39873 ||| Stepping ~*~*~tactically~*~*~ (stealth).
 39908 | Shoals:4 | Got a barnacled rune of Zot
 39925 | Shoals:4 | Found Qisynega's Antique Armour Shop.
 39934 | Shoals:4 | 39934 ||| SHOPLISTING +1 cloak of Starlight {*Dazzle EV+4
                  | Stlth--} (1281 gold, have 1002).
 39934 | Shoals:4 | 39934 ||| BUYING pair of glowing gloves (315 gold).
 39934 | Shoals:4 | Bought a pair of glowing gloves for 315 gold pieces
 40183 | Shoals:4 | 40183 ||| FLEEEEING.
 40184 | Shoals:4 | 40184 ||| FLEEEEING.
 40185 | Shoals:4 | 40185 ||| FLEEEEING.
 40186 | Shoals:4 | 40186 ||| FLEEEEING.
 40563 | Shoals:4 | 40563 ||| PLANNING DEPTHS
 40563 | Shoals:4 | 40563 ||| DROPPING +1 pair of gloves of dexterity.
 40564 | Shoals:4 | 40564 ||| DROPPING ring of see invisible.
 40819 | Depths:1 | Entered Level 1 of the Depths
 40823 | Depths:1 | 40823 ||| INVOKING Heroism.
 40824 | Depths:1 | 40824 ||| INVOKING Finesse.
 40888 | Depths:1 | 40888 ||| Stepping ~*~*~tactically~*~*~ (hiding).
 40900 | Depths:1 | 40900 ||| FLEEEEING.
 40901 | Depths:1 | 40901 ||| Stepping ~*~*~tactically~*~*~ (hiding).
 40902 | Depths:1 | 40902 ||| Stepping ~*~*~tactically~*~*~ (hiding).
 40903 | Depths:1 | 40903 ||| Stepping ~*~*~tactically~*~*~ (hiding).
 40910 | Depths:1 | Received a gift from Okawaru
 40913 | Depths:1 | 40913 ||| INVOKING Heroism.
 40927 | Depths:1 | Reached XP level 22. HP: 75/153 MP: 29/29
 40993 | Depths:1 | 40993 ||| INVOKING Heroism.
 40994 | Depths:1 | 40994 ||| INVOKING Finesse.
 41125 | Depths:1 | Found an ancient bone altar of Kikubaaqudgha.
 41180 | Depths:1 | 41180 ||| Stepping ~*~*~tactically~*~*~ (hiding).
 41203 | Depths:1 | Identified the +3 plate armour of Murphuug {rElec rPois
                  | Regen+ Int+3}
 41289 | Depths:1 | 41289 ||| READING scroll of enchant weapon.
 41289 | Depths:1 | 41289 ||| ENCHANTING +8 heavy broad axe.
 41294 | Depths:1 | 41294 ||| Stepping ~*~*~tactically~*~*~ (stealth).
 41304 | Depths:1 | 41304 ||| Stepping ~*~*~tactically~*~*~ (hiding).
 41312 | Depths:1 | Reached skill level 21 in Fighting
 41417 | Depths:1 | 41417 ||| FLEEEEING.
 41418 | Depths:1 | 41418 ||| FLEEEEING.
 41419 | Depths:1 | 41419 ||| FLEEEEING.
 41420 | Depths:1 | 41420 ||| FLEEEEING.
 41421 | Depths:1 | 41421 ||| FLEEEEING.
 41423 | Depths:1 | 41423 ||| FLEEEEING.
 41428 | Depths:1 | 41428 ||| FLEEEEING.
 41429 | Depths:1 | 41429 ||| FLEEEEING.
 41430 | Depths:1 | 41430 ||| FLEEEEING.
 41431 | Depths:1 | 41431 ||| FLEEEEING.
 41432 | Depths:1 | 41432 ||| FLEEEEING.
 41433 | Depths:1 | 41433 ||| FLEEEEING.
 41434 | Depths:1 | 41434 ||| FLEEEEING.
 41435 | Depths:1 | 41435 ||| FLEEEEING.
 41436 | Depths:1 | 41436 ||| FLEEEEING.
 41437 | Depths:1 | 41437 ||| FLEEEEING.
 41438 | Depths:1 | 41438 ||| FLEEEEING.
 41439 | Depths:1 | 41439 ||| FLEEEEING.
 41440 | Depths:1 | 41440 ||| FLEEEEING.
 41448 | Depths:1 | 41448 ||| INVOKING Finesse.
 41451 | Depths:1 | Reached skill level 18 in Shields
 41499 | Depths:1 | Found a gateway to Hell.
 41516 | Depths:1 | 41516 ||| READING scroll of enchant armour.
 41516 | Depths:1 | 41516 ||| ENCHANTING +0 pair of boots.
 41524 | Depths:1 | Found a broken altar of Ashenzari.
 41557 | Depths:1 | Found a one-way gate to the infinite horrors of the Abyss.
 41615 | Depths:1 | 41615 ||| INVOKING Heroism.
 41773 | Depths:1 | 41773 ||| DROPPING amulet of magic regeneration.
 41811 | Depths:2 | Found a one-way gate leading to the halls of Pandemonium.
 41870 | Depths:2 | 41870 ||| Stepping ~*~*~tactically~*~*~ (hiding).
 41918 | Depths:2 | 41918 ||| INVOKING Heroism.
 41920 | Depths:2 | Noticed Grunn
 41921 | Depths:2 | 41921 ||| Stepping ~*~*~tactically~*~*~ (hiding).
 41922 | Depths:2 | 41922 ||| Stepping ~*~*~tactically~*~*~ (hiding).
 41944 | Depths:2 | 41944 ||| INVOKING Heroism.
 41946 | Depths:2 | Killed Grunn
 42006 | Depths:2 | 42006 ||| INVOKING Heroism.
 42025 | Depths:2 | Received a gift from Okawaru
 42032 | Depths:2 | 42032 ||| INVOKING Heroism.
 42190 | Depths:2 | 42190 ||| INVOKING Heroism.
 42192 | Depths:2 | Noticed Vv
 42193 | Depths:2 | 42193 ||| DRINKING 2 potions of resistance.
 42206 | Depths:2 | Noticed a golden dragon
 42208 | Depths:2 | Received a gift from Okawaru
 42209 | Depths:2 | Reached skill level 12 in Throwing
 42210 | Depths:2 | HP: 38/155 [Vv (27)]
 42211 | Depths:2 | 42211 ||| READING 5 scrolls of teleportation.
 42211 | Depths:2 | Noticed a juggernaut
 42213 | Depths:2 | Noticed a golden dragon
 42217 | Depths:2 | HP: 36/155 [spriggan defender/+3 demon whip of
                  | electrocution (11)]
 42218 | Depths:2 | 42218 ||| READING 4 scrolls of teleportation.
 42219 | Depths:2 | 42219 ||| DRINKING 8 potions of heal wounds.
 42220 | Depths:2 | 42220 ||| INVOKING Heroism.
 42288 | Depths:2 | 42288 ||| DRINKING potion of resistance.
 42289 | Depths:2 | 42289 ||| INVOKING Heroism.
 42296 | Depths:2 | Killed Vv
 42296 | Depths:2 | Received a gift from Okawaru
 42360 | Depths:2 | Found a one-way gateway to a ziggurat.
 42456 | Depths:2 | 42456 ||| INVOKING Heroism.
 42462 | Depths:2 | Killed a juggernaut
 42528 | Depths:2 | 42528 ||| Stepping ~*~*~tactically~*~*~ (hiding).
 42529 | Depths:2 | 42529 ||| Stepping ~*~*~tactically~*~*~ (hiding).
 42532 | Depths:2 | 42532 ||| INVOKING Heroism.
 42551 | Depths:2 | Killed a golden dragon
 42600 | Depths:2 | 42600 ||| Stepping ~*~*~tactically~*~*~ (hiding).
 42601 | Depths:2 | 42601 ||| INVOKING Heroism.
 42622 | Depths:2 | Received a gift from Okawaru
 42628 | Depths:2 | Killed a golden dragon
 42715 | Depths:2 | 42715 ||| Stepping ~*~*~tactically~*~*~ (stealth).
 42716 | Depths:2 | 42716 ||| Stepping ~*~*~tactically~*~*~ (stealth).
 43113 | Depths:3 | 43113 ||| INVOKING Heroism.
 43119 | Depths:3 | Received a gift from Okawaru
 43193 | Depths:3 | Noticed Louise
 43196 | Depths:3 | 43196 ||| Stepping ~*~*~tactically~*~*~ (hiding).
 43198 | Depths:3 | 43198 ||| Stepping ~*~*~tactically~*~*~ (hiding).
 43201 | Depths:3 | 43201 ||| Stepping ~*~*~tactically~*~*~ (hiding).
 43220 | Depths:3 | Killed Louise
 43302 | Depths:3 | 43302 ||| Stepping ~*~*~tactically~*~*~ (stealth).
 43308 | Depths:3 | Reached skill level 22 in Fighting
 43587 | Depths:3 | 43587 ||| INVOKING Heroism.
 43637 | Depths:3 | 43637 ||| Stepping ~*~*~tactically~*~*~ (hiding).
 43694 | Depths:3 | 43694 ||| INVOKING Heroism.
 43729 | Depths:3 | Reached skill level 9 in Dodging
 43732 | Depths:3 | 43732 ||| INVOKING Heroism.
 43735 | Depths:3 | Reached XP level 23. HP: 124/162 MP: 27/30
 43788 | Depths:3 | 43788 ||| Stepping ~*~*~tactically~*~*~ (hiding).
 43797 | Depths:3 | 43797 ||| Stepping ~*~*~tactically~*~*~ (hiding).
 43799 | Depths:3 | 43799 ||| Stepping ~*~*~tactically~*~*~ (hiding).
 43834 | Depths:3 | 43834 ||| INVOKING Heroism.
 43894 | Depths:3 | 43894 ||| INVOKING Heroism.
 43896 | Depths:3 | 43896 ||| Stepping ~*~*~tactically~*~*~ (hiding).
 43903 | Depths:3 | Received a gift from Okawaru
 43912 | Depths:3 | 43912 ||| Stepping ~*~*~tactically~*~*~ (stealth).
 43935 | Depths:3 | Noticed a juggernaut
 43938 | Depths:3 | 43938 ||| INVOKING Heroism.
 43946 | Depths:3 | Killed a juggernaut
 44086 | Depths:3 | 44086 ||| INVOKING Heroism.
 44215 | Depths:3 | Identified the +0 crystal plate armour "Wioh" {rPois}
 44473 | Depths:3 | 44473 ||| DROPPING scarf of shadows.
 44474 | Depths:3 | 44474 ||| DROPPING +2 kite shield of reflection.
 44475 | Depths:3 | 44475 ||| UPGRADING to +2 tower shield.
 44485 | Depths:3 | 44485 ||| DROPPING +2 kite shield of positive energy.
 44486 | Depths:3 | 44486 ||| DROPPING amulet of guardian spirit.
 44518 | Depths:4 | Entered Level 4 of the Depths
 44519 | Depths:4 | 44519 ||| INVOKING Heroism.
 44565 | Depths:4 | Noticed the Enchantress
 44566 | Depths:4 | 44566 ||| Stepping ~*~*~tactically~*~*~ (hiding).
 44566 | Depths:4 | Found Illamel's Book Shop.
 44567 | Depths:4 | 44567 ||| Stepping ~*~*~tactically~*~*~ (hiding).
 44581 | Depths:4 | Killed the Enchantress
 44581 | Depths:4 | Received a gift from Okawaru
 44584 | Depths:4 | 44584 ||| INVOKING Heroism.
 44634 | Depths:4 | Found Ifueg's Jewellery Emporium.
 44635 | Depths:4 | Found Qaxkei Olau's Book Shop.
 44724 | Depths:4 | Noticed a juggernaut
 44725 | Depths:4 | 44725 ||| INVOKING Heroism.
 44734 | Depths:4 | Killed a juggernaut
 44898 | Depths:4 | 44898 ||| Stepping ~*~*~tactically~*~*~ (stealth).
 44903 | Depths:4 | Found a transporter.
 44933 | Depths:4 | Received a gift from Okawaru
 44955 | Depths:4 | 44955 ||| Stepping ~*~*~tactically~*~*~ (hiding).
 44965 | Depths:4 | 44965 ||| Stepping ~*~*~tactically~*~*~ (hiding).
 44978 | Depths:4 | 44978 ||| INVOKING Heroism.
 44997 | Depths:4 | 44997 ||| INVOKING Heroism.
 45005 | Depths:4 | Found a gate to the Realm of Zot.
 45024 | Depths:4 | 45024 ||| FLEEEEING.
 45243 | Depths:4 | 45243 ||| INVOKING Heroism.
 45281 | Depths:4 | Found a transporter.
 45298 | Depths:4 | 45298 ||| DROPPING +2 pair of gloves.
 45331 | Depths:4 | 45331 ||| PLANNING VAULTS:5
 45647 | Vaults:5 | Entered Level 5 of the Vaults
 45650 | Vaults:5 | 45650 ||| INVOKING Heroism.
 45673 | Vaults:5 | 45673 ||| INVOKING Finesse.
 45675 | Vaults:5 | 45675 ||| INVOKING Heroism.
 45678 | Vaults:5 | Identified the staff of death "Xuidad" {rC+ rN+}
 45681 | Vaults:5 | Received a gift from Okawaru
 45685 | Vaults:5 | Noticed an ancient lich
 45691 | Vaults:5 | Noticed a golden dragon
 45693 | Vaults:5 | Reached skill level 21 in Shields
 45695 | Vaults:5 | Noticed a dread lich
 45695 | Vaults:5 | Identified the ring "Ruotoc" {rN+ MP+9}
 45700 | Vaults:5 | Identified the +4 flail "Qoygi" {freeze, Str+3}
 45700 | Vaults:5 | HP: 25/162 [something/crystal spear (24)]
 45701 | Vaults:5 | 45701 ||| READING 3 scrolls of teleportation.
 45702 | Vaults:5 | 45702 ||| DRINKING 7 potions of heal wounds.
 45704 | Vaults:5 | Received a gift from Okawaru
 45704 | Vaults:5 | Killed an ancient lich
 45705 | Vaults:5 | Reached XP level 24. HP: 45/168 MP: 27/30
 45730 | Vaults:5 | Received a gift from Okawaru
 45731 | Vaults:5 | 45731 ||| Stepping ~*~*~tactically~*~*~ (hiding).
 45736 | Vaults:5 | 45736 ||| INVOKING Heroism.
 45751 | Vaults:5 | Killed a dread lich
 45768 | Vaults:5 | HP: 34/168 [titan/the air (20)]
 45769 | Vaults:5 | Reached skill level 21 in Armour
 45769 | Vaults:5 | 45769 ||| READING 2 scrolls of teleportation.
 45770 | Vaults:5 | 45770 ||| DRINKING 6 potions of heal wounds.
 45912 | Vaults:5 | Identified the ring of Tiogerox {rElec rC- Will+ Dex+3}
 45920 | Vaults:5 | Identified the +2 helmet of the Northern Lights {Fly rC+
                  | rN++ Slay+3}
 45936 | Vaults:5 | Received a gift from Okawaru
 45962 | Vaults:5 | 45962 ||| Stepping ~*~*~tactically~*~*~ (stealth).
 45999 | Vaults:5 | 45999 ||| INVOKING Heroism.
 46000 | Vaults:5 | 46000 ||| INVOKING Finesse.
 46088 | Vaults:5 | 46088 ||| READING scroll of brand weapon.
 46088 | Vaults:5 | 46088 ||| BRANDING +9 heavy broad axe.
 46124 | Vaults:5 | 46124 ||| Stepping ~*~*~tactically~*~*~ (stealth).
 46128 | Vaults:5 | 46128 ||| INVOKING Heroism.
 46221 | Vaults:5 | 46221 ||| Stepping ~*~*~tactically~*~*~ (hiding).
 46223 | Vaults:5 | 46223 ||| INVOKING Heroism.
 46315 | Vaults:5 | 46315 ||| Stepping ~*~*~tactically~*~*~ (stealth).
 46323 | Vaults:5 | Received a gift from Okawaru
 46403 | Vaults:5 | 46403 ||| INVOKING Heroism.
 46433 | Vaults:5 | 46433 ||| Stepping ~*~*~tactically~*~*~ (stealth).
 46465 | Vaults:5 | 46465 ||| Stepping ~*~*~tactically~*~*~ (hiding).
 46466 | Vaults:5 | 46466 ||| Stepping ~*~*~tactically~*~*~ (hiding).
 46467 | Vaults:5 | 46467 ||| Stepping ~*~*~tactically~*~*~ (hiding).
 46468 | Vaults:5 | 46468 ||| Stepping ~*~*~tactically~*~*~ (hiding).
 46530 | Vaults:5 | 46530 ||| Stepping ~*~*~tactically~*~*~ (stealth).
 46532 | Vaults:5 | 46532 ||| Stepping ~*~*~tactically~*~*~ (hiding).
 46534 | Vaults:5 | 46534 ||| INVOKING Heroism.
 46582 | Vaults:5 | 46582 ||| Stepping ~*~*~tactically~*~*~ (stealth).
 46583 | Vaults:5 | 46583 ||| Stepping ~*~*~tactically~*~*~ (stealth).
 46584 | Vaults:5 | 46584 ||| Stepping ~*~*~tactically~*~*~ (stealth).
 46585 | Vaults:5 | 46585 ||| Stepping ~*~*~tactically~*~*~ (stealth).
 46586 | Vaults:5 | 46586 ||| Stepping ~*~*~tactically~*~*~ (stealth).
 46588 | Vaults:5 | 46588 ||| Stepping ~*~*~tactically~*~*~ (hiding).
 46648 | Vaults:5 | Got a silver rune of Zot
 46650 | Vaults:5 | 46650 ||| Stepping ~*~*~tactically~*~*~ (stealth).
 46739 | Vaults:5 | 46739 ||| INVOKING Heroism.
 46868 | Vaults:5 | 46868 ||| Stepping ~*~*~tactically~*~*~ (hiding).
 46891 | Vaults:5 | 46891 ||| Stepping ~*~*~tactically~*~*~ (stealth).
 46894 | Vaults:5 | 46894 ||| Stepping ~*~*~tactically~*~*~ (hiding).
 47171 | Vaults:5 | 47171 ||| PLANNING SHOPPING SPREE
 47171 | Vaults:5 | 47171 ||| UPGRADING to +2 helmet of the Northern Lights
                  | {Fly rC+ rN++ Slay+3}.
 47181 | Vaults:5 | 47181 ||| DROPPING +2 helmet.
 47182 | Vaults:5 | 47182 ||| DROPPING ring of Tiogerox {rElec rC- Will+
                  | Dex+3}.
 47183 | Vaults:5 | 47183 ||| DROPPING ring of wizardry.
 47614 | Shoals:4 | 47614 ||| BUYING +1 cloak of Starlight {*Dazzle EV+4
                  | Stlth--} (1281 gold).
 47614 | Shoals:4 | Bought the +1 cloak of Starlight {*Dazzle EV+4 Stlth--} for
                  | 1281 gold pieces
 47614 | Shoals:4 | Found the +1 cloak of Starlight {*Dazzle EV+4 Stlth--}
 47614 | Shoals:4 | 47614 ||| UPGRADING to +1 cloak of Starlight {*Dazzle EV+4
                  | Stlth--}.
 47624 | Shoals:4 | 47624 ||| DROPPING scarf of repulsion.
 47625 | Shoals:4 | 47625 ||| DROPPING +0 cloak.
 47626 | Shoals:4 | 47626 ||| PLANNING ZOT:1-4
 47984 | Zot:1    | Entered Level 1 of the Realm of Zot
 47989 | Zot:1    | 47989 ||| INVOKING Heroism.
 48015 | Zot:1    | Received a gift from Okawaru
 48024 | Zot:1    | 48024 ||| Stepping ~*~*~tactically~*~*~ (cloud).
 48027 | Zot:1    | HP: 40/170 [yellow draconian annihilator/glob of acid[a
                  | yellow draconian annihilator] (26)]
 48028 | Zot:1    | 48028 ||| READING 2 scrolls of teleportation.
 48029 | Zot:1    | 48029 ||| DRINKING 5 potions of heal wounds.
 48030 | Zot:1    | 48030 ||| Stepping ~*~*~tactically~*~*~ (cloud).
 48040 | Zot:1    | 48040 ||| INVOKING Heroism.
 48043 | Zot:1    | Received a gift from Okawaru
 48081 | Zot:1    | 48081 ||| DRINKING 2 potions of cancellation.
 48185 | Zot:1    | 48185 ||| INVOKING Heroism.
 48261 | Zot:1    | 48261 ||| INVOKING Heroism.
 48287 | Zot:1    | Found a large runed translucent door.
 48287 | Zot:1    | Found a large runed translucent door.
 48300 | Zot:1    | 48300 ||| Stepping ~*~*~tactically~*~*~ (cloud).
 48305 | Zot:1    | 48305 ||| Stepping ~*~*~tactically~*~*~ (cloud).
 48312 | Zot:1    | Received a gift from Okawaru
 48314 | Zot:1    | Reached skill level 23 in Fighting
 48330 | Zot:1    | 48330 ||| Stepping ~*~*~tactically~*~*~ (stealth).
 48357 | Zot:1    | Noticed Toelubet's ghost (veteran CeHu)
 48358 | Zot:1    | Found the amulet of Vitality {RegenMP++ Regen++}
 48460 | Zot:1    | 48460 ||| Stepping ~*~*~tactically~*~*~ (hiding).
 48461 | Zot:1    | 48461 ||| Stepping ~*~*~tactically~*~*~ (hiding).
 48462 | Zot:1    | 48462 ||| Stepping ~*~*~tactically~*~*~ (hiding).
 48478 | Zot:1    | Found the +4 dragonskin cloak
 48478 | Zot:1    | Noticed Tiamat
 48479 | Zot:1    | 48479 ||| INVOKING Heroism.
 48495 | Zot:1    | 48495 ||| INVOKING Finesse.
 48529 | Zot:1    | HP: 25/171 [Tiamat/+2 bardiche of protection (28)]
 48530 | Zot:1    | 48530 ||| READING scroll of teleportation.
 48531 | Zot:1    | 48531 ||| DRINKING 4 potions of heal wounds.
 48532 | Zot:1    | 48532 ||| DRINKING 3 potions of heal wounds.
 48552 | Zot:1    | Killed Tiamat
 48596 | Zot:1    | 48596 ||| INVOKING Heroism.
 48773 | Zot:1    | 48773 ||| INVOKING Heroism.
 48956 | Zot:1    | 48956 ||| Stepping ~*~*~tactically~*~*~ (stealth).
 48958 | Zot:1    | 48958 ||| Stepping ~*~*~tactically~*~*~ (hiding).
 48959 | Zot:1    | 48959 ||| Stepping ~*~*~tactically~*~*~ (hiding).
 48960 | Zot:1    | 48960 ||| Stepping ~*~*~tactically~*~*~ (hiding).
 48961 | Zot:1    | 48961 ||| Stepping ~*~*~tactically~*~*~ (hiding).
 49148 | Zot:1    | Reached XP level 25. HP: 142/176 MP: 30/30
 49157 | Zot:1    | 49157 ||| DRINKING potion of cancellation.
 49226 | Zot:1    | 49226 ||| Stepping ~*~*~tactically~*~*~ (hiding).
 49511 | Zot:1    | 49511 ||| UPGRADING to ring of protection from fire.
 49513 | Zot:1    | 49513 ||| UPGRADING to ring "Touz" {rElec rF+ Str+3}.
 49515 | Zot:1    | 49515 ||| UPGRADING to +5 ring of evasion.
 49558 | Zot:2    | 49558 ||| INVOKING Heroism.
 49592 | Zot:2    | Received a gift from Okawaru
 49609 | Zot:2    | HP: 41/178 [green draconian monk[a red draconian scorcher]
                  | (7)]
 49610 | Zot:2    | 49610 ||| DRINKING 2 potions of heal wounds.
 49613 | Zot:2    | Reached skill level 24 in Fighting
 49623 | Zot:2    | 49623 ||| Stepping ~*~*~tactically~*~*~ (hiding).
 49629 | Zot:2    | 49629 ||| FLEEEEING.
 49635 | Zot:2    | 49635 ||| STAIRDANCE
 49924 | Zot:2    | 49924 ||| INVOKING Heroism.
 49973 | Zot:2    | 49973 ||| INVOKING Heroism.
 49976 | Zot:2    | 49976 ||| Stepping ~*~*~tactically~*~*~ (hiding).
 50439 | Zot:3    | 50439 ||| READING scroll of enchant armour.
 50439 | Zot:3    | 50439 ||| ENCHANTING +1 pair of boots.
 50468 | Zot:3    | 50468 ||| Stepping ~*~*~tactically~*~*~ (hiding).
 50469 | Zot:3    | 50469 ||| Stepping ~*~*~tactically~*~*~ (hiding).
 50470 | Zot:3    | 50470 ||| Stepping ~*~*~tactically~*~*~ (hiding).
 50473 | Zot:3    | 50473 ||| Stepping ~*~*~tactically~*~*~ (hiding).
 50489 | Zot:3    | 50489 ||| INVOKING Heroism.
 50524 | Zot:3    | 50524 ||| Stepping ~*~*~tactically~*~*~ (hiding).
 50525 | Zot:3    | 50525 ||| Stepping ~*~*~tactically~*~*~ (hiding).
 50690 | Zot:3    | 50690 ||| Stepping ~*~*~tactically~*~*~ (stealth).
 50691 | Zot:3    | 50691 ||| Stepping ~*~*~tactically~*~*~ (stealth).
 50720 | Zot:3    | 50720 ||| Stepping ~*~*~tactically~*~*~ (hiding).
 50721 | Zot:3    | 50721 ||| Stepping ~*~*~tactically~*~*~ (hiding).
 50722 | Zot:3    | 50722 ||| Stepping ~*~*~tactically~*~*~ (hiding).
 50723 | Zot:3    | 50723 ||| Stepping ~*~*~tactically~*~*~ (hiding).
 50823 | Zot:3    | 50823 ||| Stepping ~*~*~tactically~*~*~ (stealth).
 50824 | Zot:3    | 50824 ||| Stepping ~*~*~tactically~*~*~ (stealth).
 50851 | Zot:3    | 50851 ||| Stepping ~*~*~tactically~*~*~ (stealth).
 50852 | Zot:3    | 50852 ||| Stepping ~*~*~tactically~*~*~ (stealth).
 50854 | Zot:3    | 50854 ||| INVOKING Heroism.
 50861 | Zot:3    | Received a gift from Okawaru
 50893 | Zot:3    | 50893 ||| Stepping ~*~*~tactically~*~*~ (stealth).
 50896 | Zot:3    | 50896 ||| Stepping ~*~*~tactically~*~*~ (hiding).
 50915 | Zot:3    | 50915 ||| INVOKING Heroism.
 50970 | Zot:3    | 50970 ||| INVOKING Heroism.
 50971 | Zot:3    | 50971 ||| Stepping ~*~*~tactically~*~*~ (hiding).
 50973 | Zot:3    | 50973 ||| Stepping ~*~*~tactically~*~*~ (hiding).
 51027 | Zot:3    | Identified the +9 chain mail of Xuentet {rElec rN+ Int+3}
 51079 | Zot:3    | Identified the +8 double sword "Runidu" {flame, Str+5}
 51086 | Zot:3    | Identified the +9 double sword "Byimmont" {freeze, rElec
                  | rF+ Int+2 Stlth+}
 51087 | Zot:3    | 51087 ||| Stepping ~*~*~tactically~*~*~ (stealth).
 51090 | Zot:3    | 51090 ||| Stepping ~*~*~tactically~*~*~ (hiding).
 51091 | Zot:3    | 51091 ||| Stepping ~*~*~tactically~*~*~ (stealth).
 51146 | Zot:3    | 51146 ||| INVOKING Heroism.
 51312 | Zot:3    | 51312 ||| INVOKING Heroism.
 51448 | Zot:4    | 51448 ||| INVOKING Heroism.
 51499 | Zot:4    | Received a gift from Okawaru
 51509 | Zot:4    | 51509 ||| Stepping ~*~*~tactically~*~*~ (hiding).
 51555 | Zot:4    | 51555 ||| INVOKING Heroism.
 51565 | Zot:4    | Received a gift from Okawaru
 51628 | Zot:4    | Found a transporter.
 51865 | Zot:4    | 51865 ||| INVOKING Heroism.
 51868 | Zot:4    | Reached skill level 25 in Fighting
 52005 | Zot:4    | Found a transporter.
 52011 | Zot:4    | Found a transporter.
 52024 | Zot:4    | 52024 ||| INVOKING Heroism.
 52034 | Zot:4    | 52034 ||| Stepping ~*~*~tactically~*~*~ (hiding).
 52060 | Zot:4    | Found a transporter.
 52078 | Zot:4    | 52078 ||| INVOKING Heroism.
 52088 | Zot:4    | Received a gift from Okawaru
 52092 | Zot:4    | Noticed a Killer Klown
 52112 | Zot:4    | Killed a Killer Klown
 52147 | Zot:4    | 52147 ||| Stepping ~*~*~tactically~*~*~ (hiding).
 52149 | Zot:4    | 52149 ||| INVOKING Heroism.
 52312 | Zot:4    | 52312 ||| PLANNING SLIME:5
 52312 | Zot:4    | 52312 ||| UPGRADING to +2 ring mail of Ciorph {+Inv rN+
                  | Will++ rCorr}.
 52322 | Zot:4    | 52322 ||| UPGRADING to ring "Plog" {rCorr Dex+6}.
 52324 | Zot:4    | 52324 ||| UPGRADING to +13 plate armour of the Lair of
                  | Beasts {Contam Int+3 Dex+4}.
 52339 | Zot:4    | Gained mutation: Your spells are a little easier to cast,
                  | but a little less powerful. [mutagenic glow]
 52758 | Slime:1  | Entered Level 1 of the Pits of Slime
 52775 | Slime:1  | 52775 ||| DROPPING 37 boomerangs.
 52776 | Slime:1  | 52776 ||| DROPPING 11 boomerangs of dispersal.
 52777 | Slime:1  | 52777 ||| DROPPING 7 silver boomerangs.
 52790 | Slime:2  | 52790 ||| STAIRDANCE
 52802 | Slime:2  | 52802 ||| STAIRDANCE
 52817 | Slime:2  | Noticed Dissolution
 52834 | Slime:2  | Gained mutation: You are frail. (-10% HP) [a shining eye]
 52836 | Slime:2  | Gained mutation: You sometimes lose your temper in combat.
                  | [a shining eye]
 52838 | Slime:2  | Gained mutation: You have a pair of small antennae on your
                  | head. [a shining eye]
 52841 | Slime:2  | Gained mutation: Armour fits poorly on your strangely
                  | shaped body. [a shining eye]
 52845 | Slime:2  | Killed Dissolution
 52845 | Slime:2  | Received a gift from Okawaru
 52846 | Slime:2  | Reached XP level 26. HP: 169/169 MP: 30/30
 52866 | Slime:2  | Gained mutation: Your body sometimes deteriorates upon
                  | taking damage. [a shining eye]
 52867 | Slime:2  | Gained mutation: You are vulnerable to cold. (rC-) [a
                  | shining eye]
 52891 | Slime:2  | 52891 ||| DRINKING 4 potions of mutation.
 52891 | Slime:2  | Lost mutation: Your spells are a little easier to cast, but
                  | a little less powerful. [potion of mutation]
 52891 | Slime:2  | Lost mutation: Your body sometimes deteriorates upon taking
                  | damage. [potion of mutation]
 52891 | Slime:2  | Gained mutation: Your spells are a little easier to cast,
                  | but a little less powerful. [potion of mutation]
 52891 | Slime:2  | Gained mutation: You occasionally shout uncontrollably at
                  | your foes. [potion of mutation]
 52891 | Slime:2  | Gained mutation: You expend magic power (3 MP) to
                  | strengthen your wands. [potion of mutation]
 52892 | Slime:2  | 52892 ||| DRINKING 3 potions of mutation.
 52892 | Slime:2  | Lost mutation: You are vulnerable to cold. (rC-) [potion of
                  | mutation]
 52892 | Slime:2  | Lost mutation: You occasionally shout uncontrollably at
                  | your foes. [potion of mutation]
 52892 | Slime:2  | Gained mutation: You passively dampen the noise of your
                  | surroundings. [potion of mutation]
 52892 | Slime:2  | Gained mutation: You are very frail. (-20% HP) [potion of
                  | mutation]
 52892 | Slime:2  | Gained mutation: Your muscles are strong. (Str +4, Int/Dex
                  | -1) [potion of mutation]
 52893 | Slime:2  | 52893 ||| DRINKING 2 potions of mutation.
 52893 | Slime:2  | Lost mutation: Your muscles are strong. (Str +4, Int/Dex
                  | -1) [potion of mutation]
 52893 | Slime:2  | Lost mutation: You expend magic power (3 MP) to strengthen
                  | your wands. [potion of mutation]
 52893 | Slime:2  | Gained mutation: You are partially covered in iridescent
                  | scales. (AC +2) [potion of mutation]
 52893 | Slime:2  | Lost mutation: You sometimes lose your temper in combat.
                  | [potion of mutation]
 52893 | Slime:2  | Gained mutation: You possess an exceptional clarity of
                  | mind. [potion of mutation]
 52894 | Slime:2  | 52894 ||| DRINKING potion of mutation.
 52894 | Slime:2  | Lost mutation: You are very frail. (-20% HP) [potion of
                  | mutation]
 52894 | Slime:2  | Lost mutation: Your spells are a little easier to cast, but
                  | a little less powerful. [potion of mutation]
 52894 | Slime:2  | Lost mutation: You are frail. (-10% HP) [potion of
                  | mutation]
 52894 | Slime:2  | Gained mutation: You are agile. (Dex +4, Str/Int -1)
                  | [potion of mutation]
 52894 | Slime:2  | Gained mutation: Your skin changes colour to match your
                  | surroundings (Stealth+). [potion of mutation]
 52894 | Slime:2  | Gained mutation: Your muscles are strong. (Str +4, Int/Dex
                  | -1) [potion of mutation]
 52923 | Slime:2  | 52923 ||| DROPPING +2 helmet of the Northern Lights {Fly
                  | rC+ rN++ Slay+3}.
 52990 | Slime:3  | Lost mutation: You are agile. (Dex +4, Str/Int -1) [a
                  | shining eye]
 52991 | Slime:3  | Gained mutation: You occasionally lose the ability to read
                  | scrolls when taking damage. [a shining eye]
 52992 | Slime:3  | Lost mutation: You occasionally lose the ability to read
                  | scrolls when taking damage. [a shining eye]
 52997 | Slime:3  | Gained mutation: You are clumsy. (Dex -2) [a shining eye]
 52998 | Slime:3  | Gained mutation: Your magical capacity is low. (-10% MP) [a
                  | shining eye]
 53000 | Slime:3  | Lost mutation: You possess an exceptional clarity of mind.
                  | [a shining eye]
 53001 | Slime:3  | Gained mutation: You are frail. (-10% HP) [a shining eye]
 53006 | Slime:3  | Gained mutation: You are partially covered in large bone
                  | plates. (SH +4) [a shining eye]
 53089 | Slime:3  | Gained mutation: You are dopey. (Int -2) [a shining eye]
 54109 | Slime:4  | Received a gift from Okawaru
 54181 | Slime:4  | Gained mutation: You are very dopey. (Int -4) [a shining
                  | eye]
 54183 | Slime:4  | Lost mutation: Your muscles are strong. (Str +4, Int/Dex
                  | -1) [a shining eye]
 54185 | Slime:4  | Gained mutation: You are weak. (Str -2) [a shining eye]
 54234 | Slime:4  | Reached skill level 12 in Dodging
 54494 | Slime:5  | Entered Level 5 of the Pits of Slime
 54716 | Slime:5  | Noticed the Royal Jelly
 54718 | Slime:5  | 54718 ||| INVOKING Heroism.
 54719 | Slime:5  | 54719 ||| INVOKING Finesse.
 54782 | Slime:5  | Killed the Royal Jelly
 54782 | Slime:5  | Received a gift from Okawaru
 54793 | Slime:5  | 54793 ||| INVOKING Heroism.
 54931 | Slime:5  | Identified the +9 dagger "Vedew" {speed, rElec Str+6}
 54986 | Slime:5  | 54986 ||| READING scroll of acquirement.
 54986 | Slime:5  | 54986 ||| ACQUIRING 833 gold pieces
 54986 | Slime:5  | Acquired 833 gold pieces
 54996 | Slime:5  | Got a slimy rune of Zot
 55026 | Slime:5  | Identified the +8 whip of Uskayaw's Envy {heavy, Dex+5}
 55044 | Slime:5  | Identified the +3 robe "Agao" {rCorr Int+3}
 55045 | Slime:5  | Identified the +1 ring mail of Time Monsters {MP+9}
 55053 | Slime:5  | Identified the staff of air "Fyuwo" {rElec Str+2}
 55065 | Slime:5  | Identified the +0 robe of Reunt {Drain rElec rF+ Dex+3}
 55079 | Slime:5  | 55079 ||| READING scroll of brand weapon.
 55079 | Slime:5  | 55079 ||| BRANDING +9 broad axe of venom.
 55260 | Slime:5  | Identified the +8 battleaxe of the Flying Gods {protect,
                  | rF+ rN+} (Okawaru gifted it to you on level 5 of the Pits
                  | of Slime)
 55260 | Slime:5  | Received a gift from Okawaru
 55514 | Slime:5  | 55514 ||| PLANNING THE SHINING ONE WORSHIP
 55514 | Slime:5  | 55514 ||| DROPPING +2 pair of gloves.
 55515 | Slime:5  | 55515 ||| DROPPING +2 ring mail of Ciorph {+Inv rN+ Will++
                  | rCorr}.
 55516 | Slime:5  | 55516 ||| DROPPING ring of resist corrosion.
 55517 | Slime:5  | 55517 ||| UPGRADING to +5 ring of evasion.
 55519 | Slime:5  | 55519 ||| DROPPING ring "Plog" {rCorr Dex+6}.
 55782 | Temple   | Fell from the grace of Okawaru
 55782 | Temple   | Became a worshipper of the Shining One
 55782 | Temple   | 55782 ||| PLANNING CRYPT
 56118 | Crypt:1  | Entered Level 1 of the Crypt
 56131 | Crypt:1  | 56131 ||| Stepping ~*~*~tactically~*~*~ (hiding).
 56137 | Crypt:1  | Was placed under penance by the Shining One
 56156 | Crypt:1  | Fell from the grace of the Shining One
 56339 | Crypt:1  | 56339 ||| SWAPPING to +0 hand axe.
 56393 | Crypt:1  | 56393 ||| PLANNING OKAWARU WORSHIP
 56393 | Crypt:1  | 56393 ||| SWAPPING to +9 vampiric broad axe.
 56398 | Crypt:1  | 56398 ||| DROPPING +0 hand axe.
 56399 | Crypt:1  | 56399 ||| DROPPING potion of magic.
 56846 | D:7      | Became a worshipper of Warmaster Okawaru
 56846 | D:7      | 56846 ||| PLANNING CRYPT
 57426 | Crypt:1  | 57426 ||| Stepping ~*~*~tactically~*~*~ (hiding).
 57427 | Crypt:1  | 57427 ||| Stepping ~*~*~tactically~*~*~ (hiding).
 57486 | Crypt:1  | 57486 ||| Stepping ~*~*~tactically~*~*~ (stealth).
 57542 | Crypt:1  | You are sucked into a shaft and drop 1 floor!
 57542 | Crypt:2  | Found an ancient bone altar of Kikubaaqudgha.
 57568 | Crypt:2  | 57568 ||| Stepping ~*~*~tactically~*~*~ (stealth).
 57569 | Crypt:2  | 57569 ||| Stepping randomly (disturbance).
 57573 | Crypt:2  | 57573 ||| Stepping randomly (disturbance).
 57575 | Crypt:2  | 57575 ||| Stepping ~*~*~tactically~*~*~ (stealth).
 57576 | Crypt:2  | 57576 ||| Stepping ~*~*~tactically~*~*~ (hiding).
 57626 | Crypt:2  | 57626 ||| Stepping ~*~*~tactically~*~*~ (hiding).
 57773 | Crypt:2  | Reached skill level 26 in Fighting
 57814 | Crypt:2  | Found an ancient bone altar of Kikubaaqudgha.
 57820 | Crypt:2  | 57820 ||| Stepping ~*~*~tactically~*~*~ (hiding).
 57822 | Crypt:2  | 57822 ||| Stepping ~*~*~tactically~*~*~ (hiding).
 57947 | Crypt:2  | Reached skill level 15 in Throwing
 58072 | Crypt:2  | 58072 ||| Stepping ~*~*~tactically~*~*~ (stealth).
 58103 | Crypt:1  | 58103 ||| Stepping ~*~*~tactically~*~*~ (hiding).
 58233 | Crypt:1  | 58233 ||| Stepping ~*~*~tactically~*~*~ (stealth).
 58236 | Crypt:1  | 58236 ||| Stepping ~*~*~tactically~*~*~ (stealth).
 58298 | Crypt:1  | 58298 ||| Stepping ~*~*~tactically~*~*~ (stealth).
 58385 | Crypt:1  | 58385 ||| Stepping ~*~*~tactically~*~*~ (hiding).
 58591 | Crypt:2  | Noticed Khufu
 58592 | Crypt:2  | 58592 ||| INVOKING Heroism.
 58596 | Crypt:2  | Noticed a royal mummy
 58613 | Crypt:2  | Killed Khufu
 58613 | Crypt:2  | Noticed a royal mummy
 58645 | Crypt:2  | 58645 ||| INVOKING Heroism.
 58650 | Crypt:2  | HP: 37/172 [royal mummy/divine providence[Khufu] (15)]
 58651 | Crypt:2  | 58651 ||| READING scroll of teleportation.
 58652 | Crypt:2  | 58652 ||| DRINKING 5 potions of heal wounds.
 58725 | Crypt:2  | 58725 ||| Stepping ~*~*~tactically~*~*~ (stealth).
 58726 | Crypt:2  | 58726 ||| Stepping ~*~*~tactically~*~*~ (stealth).
 58887 | Crypt:2  | 58887 ||| INVOKING Heroism.
 58913 | Crypt:2  | Killed a royal mummy
 59038 | Crypt:2  | 59038 ||| INVOKING Heroism.
 59062 | Crypt:2  | Killed a royal mummy
 59127 | Crypt:3  | Entered Level 3 of the Crypt
 59159 | Crypt:3  | Reached XP level 27. HP: 177/177 MP: 28/28
 59344 | Crypt:3  | Reached skill level 27 in Fighting
 59362 | Crypt:3  | 59362 ||| INVOKING Heroism.
 59412 | Crypt:3  | 59412 ||| Stepping ~*~*~tactically~*~*~ (hiding).
 59436 | Crypt:3  | 59436 ||| INVOKING Heroism.
 59444 | Crypt:3  | Received a gift from Okawaru
 59488 | Crypt:3  | 59488 ||| Stepping ~*~*~tactically~*~*~ (stealth).
 59522 | Crypt:3  | 59522 ||| Stepping ~*~*~tactically~*~*~ (hiding).
 59542 | Crypt:3  | 59542 ||| Stepping ~*~*~tactically~*~*~ (stealth).
 59577 | Crypt:3  | 59577 ||| DROPPING ring of ice.
 59578 | Crypt:3  | 59578 ||| Stepping randomly (disturbance).
 59579 | Crypt:3  | 59579 ||| Stepping randomly (disturbance).
 59598 | Crypt:3  | Noticed an ancient lich
 59700 | Crypt:3  | 59700 ||| Invisibility monster not found???
 59772 | Crypt:3  | 59772 ||| INVOKING Heroism.
 59842 | Crypt:3  | 59842 ||| DROPPING +1 heavy broad axe.
 60033 | Crypt:3  | 60033 ||| Stepping ~*~*~tactically~*~*~ (hiding).
 60055 | Crypt:3  | 60055 ||| PLANNING TOMB
 60056 | Crypt:3  | 60056 ||| Stepping ~*~*~tactically~*~*~ (cloud).
 60185 | Crypt:3  | 60185 ||| INVOKING Heroism.
 60187 | Crypt:3  | 60187 ||| Stepping ~*~*~tactically~*~*~ (hiding).
 60188 | Crypt:3  | 60188 ||| Stepping ~*~*~tactically~*~*~ (hiding).
 60189 | Crypt:3  | 60189 ||| Stepping ~*~*~tactically~*~*~ (hiding).
 60212 | Crypt:3  | Found a staircase to the Tomb.
 60218 | Tomb:1   | Entered Level 1 of the Tomb of the Ancients
 60464 | Tomb:1   | Identified the +2 robe of the Trout {Fly Int-2 Stlth+}
 60754 | Tomb:1   | Received a gift from Okawaru
 60757 | Tomb:1   | 60757 ||| Stepping ~*~*~tactically~*~*~ (cloud).
 60822 | Tomb:1   | 60822 ||| INVOKING Heroism.
 60835 | Tomb:1   | Noticed a royal mummy
 60838 | Tomb:1   | Gained mutation: You sometimes lose your temper in combat.
                  | [a neqoxec]
 60863 | Tomb:1   | Killed a royal mummy
 60958 | Tomb:1   | 60958 ||| Stepping ~*~*~tactically~*~*~ (stealth).
 60959 | Tomb:1   | 60959 ||| Stepping ~*~*~tactically~*~*~ (stealth).
 60961 | Tomb:1   | 60961 ||| Stepping ~*~*~tactically~*~*~ (hiding).
 60962 | Tomb:1   | 60962 ||| Stepping ~*~*~tactically~*~*~ (hiding).
 60963 | Tomb:1   | 60963 ||| Stepping ~*~*~tactically~*~*~ (hiding).
 60972 | Tomb:1   | 60972 ||| Stepping ~*~*~tactically~*~*~ (stealth).
 60977 | Tomb:1   | 60977 ||| Stepping ~*~*~tactically~*~*~ (hiding).
 60978 | Tomb:1   | 60978 ||| Stepping ~*~*~tactically~*~*~ (hiding).
 60981 | Tomb:1   | 60981 ||| Stepping ~*~*~tactically~*~*~ (hiding).
 60982 | Tomb:1   | 60982 ||| Stepping ~*~*~tactically~*~*~ (hiding).
 60983 | Tomb:1   | 60983 ||| Stepping ~*~*~tactically~*~*~ (hiding).
 60984 | Tomb:1   | 60984 ||| INVOKING Heroism.
 61035 | Tomb:1   | 61035 ||| FLEEEEING.
 61041 | Tomb:1   | 61041 ||| INVOKING Heroism.
 61065 | Tomb:1   | 61065 ||| Stepping ~*~*~tactically~*~*~ (hiding).
 61070 | Tomb:1   | 61070 ||| Stepping ~*~*~tactically~*~*~ (hiding).
 61283 | Tomb:1   | 61283 ||| INVOKING Heroism.
 61312 | Tomb:1   | Noticed a royal mummy
 61313 | Tomb:1   | 61313 ||| Stepping ~*~*~tactically~*~*~ (hiding).
 61325 | Tomb:1   | Killed a royal mummy
 61325 | Tomb:1   | Received a gift from Okawaru
 61696 | Tomb:2   | 61696 ||| DRINKING 15 potions of haste.
 61697 | Tomb:2   | 61697 ||| DRINKING 5 potions of attraction.
 61697 | Tomb:2   | Noticed a royal mummy
 61698 | Tomb:2   | 61698 ||| INVOKING Heroism.
 61700 | Tomb:2   | Noticed a royal mummy
 61703 | Tomb:2   | Noticed a royal mummy
 61705 | Tomb:2   | Noticed a royal mummy
 61708 | Tomb:2   | HP: 67/268 [??? (15)]
 61716 | Tomb:2   | Killed a royal mummy
 61717 | Tomb:2   | HP: 49/268 [royal mummy/divine providence (12)]
 61719 | Tomb:2   | Killed a royal mummy
 61719 | Tomb:2   | Received a gift from Okawaru
 61720 | Tomb:2   | HP: 19/179 [skeletal warrior/+0 trident (10)]
 61721 | Tomb:2   | 61721 ||| READING 2 scrolls of teleportation.
 61722 | Tomb:2   | 61722 ||| DRINKING 4 potions of heal wounds.
 61723 | Tomb:2   | 61723 ||| DRINKING 3 potions of heal wounds.
 61725 | Tomb:2   | 61725 ||| DRINKING 2 potions of heal wounds.
 61726 | Tomb:2   | Killed a royal mummy
 61729 | Tomb:2   | HP: 39/176 [torment (9)]
 61730 | Tomb:2   | 61730 ||| READING scroll of teleportation.
 61731 | Tomb:2   | 61731 ||| DRINKING potion of heal wounds.
 61833 | Tomb:2   | 61833 ||| INVOKING Heroism.
 61856 | Tomb:2   | 61856 ||| INVOKING Heroism.
 61857 | Tomb:2   | HP: 39/179 [??? (8)]
 61863 | Tomb:2   | HP: 29/179 [death scarab[a royal mummy] (11)]
 61865 | Tomb:2   | HP: 14/179 [death scarab[a royal mummy] (18)]
 61866 | Tomb:2   | HP: 4/179 [death scarab[a royal mummy] (8)]
 61867 | Tomb:2   | Slain by a death scarab

Levels and vault maps discovered:
D:1:      dreamdust_arrival_sigmund_warning, layout_basic
D:2:      layout_rooms, minmay_domino_2, uniq_robin, uniq_crazy_yiuf_cottage,
          uniq_jessica
D:3:      layout_loops_corners
D:4:      layout_cave_pools
D:5:      layout_cave_pools, nicolae_qazlal_scattered_showers,
          uniq_blork_the_orc, uniq_ijyb, uniq_edmund
D:6:      layout_loops_ring, chequers_serial_rivers_room_a,
          minmay_quadrilaterals, uniq_sigmund, uniq_menkaure
D:7:      layout_gridville, kennysheep_okawaru_gauntlet, lemuel_crystal_altar,
          minmay_temple_entry_trees
D:8:      layout_basic, grunt_lair_entry_orc_guard_hut, serial_glass,
          glass_columns_c, glass_columns_b, hex_medium, uniq_joseph
D:9:      layout_rooms, overflow_temple_1_default, uniq_harold, uniq_erolcha
D:10:     layout_roguey [special_room_orc], cheibrodos_worm_habitat,
          marbit_many_paths, minmay_orc_entry_temple_large, serial_shops,
          nicolae_shop_window_shopping, minivault_25, st_stairs_12,
          grunt_decor_clamped, nrook_mini_backslash, uniq_urug
D:11:     layout_basic, portal_ice_cave_entry_imps,
          minmay_mirror_moons_of_madness
D:12:     layout_loops_ring, uniq_kirke
D:13:     layout_rooms, uniq_josephine, uniq_azrael, uniq_lodul, uniq_snorg
D:14:     layout_loops_ring, skrybe_vaults_entry_preservation,
          kennysheep_cross_bottleneck
D:15:     gammafunk_depths_entry_grave, layout_long_grid
Temple:   nicolae_temple_bog_church
Lair:1:   gammafunk_indiana_jones, layout_regular_city, enter_volcano_3,
          grunt_megastairs_2
Lair:2:   kb_forest_paths, layout_long_grid, elwin_shoals_entry_rooms,
          dummy_snake_entry, lemuel_fruit_fields, uniq_nergalle, uniq_maggie
Lair:3:   layout_long_grid, serial_bayou, serial_bayou_lagoon_b,
          serial_bayou_pond_e, serial_bayou_pond_d, serial_bayou_lake_a,
          uniq_gastronok, uniq_sonja, uniq_fannar
Lair:4:   layout_concentric_octagons, hellmonk_ghost_happy_afterlife,
          special_room [special_room_mythical_zoo], lemuel_fruit_fields
Lair:5:   cheibrodos_lair_end_hotspot, layout_cave_pods,
          minmay_slime_entry_pillars
Shoals:1: layout_shoals, nicolae_shoals_beach_cooler
Shoals:2: argonaut_golden_fleece, layout_shoals, serial_shops, shop,
          nzn_prometheus_bound
Shoals:3: layout_shoals, nicolae_shoals_flooded_hall, uniq_polyphemus
Shoals:4: shoals_end_grunt_garden, layout_shoals, serial_shops,
          nicolae_shop_temple_entry_statues_fountains,
          nicolae_shoals_pincushion_passage
Snake:1:  layout_cave_shapes, uniq_aizul
Snake:2:  layout_layer_cave, nicolae_shop_vocational, nicolae_triple_integral,
          uniq_roxanne, uniq_frances
Snake:3:  nicolae_sea_snake_s, layout_onion,
          nicolae_shop_i_like_small_books_too, serial_bayou_shore_a
Snake:4:  minmay_snake_end_coiled, layout_rooms, beargit_elvish_explorers,
          serial_bayou_shore_b, uniq_vashnia
Slime:1:  layout_caves, basic_altar, cheibrodos_slime_lost_civilization_7
Slime:2:  layout_caves, special_room [special_room_jelly],
          cheibrodos_slime_lost_civilization_6, uniq_dissolution
Slime:3:  layout_caves
Slime:4:  layout_caves, nicolae_slime_rock_hall_of_fame
Slime:5
Orc:1:    layout_diamond_mine, bloody_makhleb
Orc:2:    st_orc_elflike, layout_diamond_mine, ebering_ghost_disaster_area,
          abandoned_shop
Vaults:1: ebering_ghost_disaster_area, nicolae_vaults_taking_the_gang_shopping,
          v_misc_14, nicolae_vaults_storage_closets_2,
          ontoclasm_vaults_decontamination, v_misc_5, nicolae_vaults_cochlea,
          nicolae_vaults_oval_intersection, vaults_dpeg_hooks,
          dpeg_vaults_monster_row, nicolae_vaults_mitosis,
          nicolae_vaults_closet_pinwheel_4, vaults_room_door_ring,
          layout_vaults_omnicross, serial_shops, shop
Vaults:2: nicolae_vaults_circle_grid_a, nicolae_vaults_tangram_1, serial_ice_h,
          ontoclasm_vaults_spin, v_misc_9, ontoclasm_vaults_idyll, v_misc_17,
          nicolae_vaults_variable_pillar_hall, nicolae_vaults_heist,
          layout_vaults_quadrants, uniq_margery
Vaults:3: v_misc_11, v_misc_27, nicolae_vaults_storage_room_water, v_pattern_3,
          nicolae_vaults_angled_halls, nicolae_vaults_what_the_h,
          v_alt_pattern_3, hangedman_vaults_trim, v_alt_pattern_4,
          nicolae_vaults_network_star, ontoclasm_vaults_hangar,
          vaults_room_guarded_vault, minmay_crypt_entry_necro_gods,
          layout_vaults_ring, serial_shops, statue_bzr
Vaults:4: hangedman_vaults_variations, nicolae_vaults_frosty_reception,
          nicolae_vaults_circle_grid_a, v_pattern_2,
          nicolae_vaults_corridor_and_loot_room, nicolae_vaults_wrenched,
          ontoclasm_vaults_tryst, nicolae_vaults_double_plus_1,
          nicolae_vaults_two_Ls, nicolae_vaults_tetromino_T_2,
          nicolae_vaults_specimen_jars, v_misc_26, layout_vaults_omnibox
Vaults:5
Crypt:1:  layout_basic, tombwall_bobbens, grunt_megastairs_3
Crypt:2:  layout_rooms, basic_altar, lemuel_statue_altar, uniq_khufu
Crypt:3:  david_glass_crypt, layout_misc_corridors, tomb_entry_shell_bobbens,
          st_small_mortuary
Tomb:1
Tomb:2
Depths:1: layout_big_octagon, grunt_mini_vestibule, evilmike_ruin_ashenzari,
          abyss_entry_small_statue_room, minmay_liquid_box, kennysheep_donut,
          minivault_16, minmay_misc_feat_iff, grunt_ministairs_10,
          lemuel_zombie_altar_kikubaaqudgha
Depths:2: evilmike_diamond_1, layout_gridlike, enter_ziggurat_b,
          dreamdust_wishing_well, pan_entry, hell_entry,
          minmay_misc_feat_secret_circle, minmay_staircase_bubble, uniq_grunn,
          uniq_vv
Depths:3: evilmike_diamond_2, layout_long_grid, grunt_hell_entry_dis_mu,
          nicolae_abyss_entry_one_way_or_another
Depths:4: grunt_zot_entry_bicorn, layout_small_grid, abyss_entry,
          chequers_serial_rivers_micro_b, hell_entry, grunt_ministairs_8,
          nicolae_diode_stairs, minmay_shop_grove, uniq_enchantress
Zot:1:    layout_gridville, ebering_ghost_disaster_area, grunt_megastairs_4,
          uniq_tiamat
Zot:2:    layout_misc_corridors, st_single_dragon_hoard_4
Zot:3:    layout_misc_corridors, st_single_dragon_hoard_2,
          nicolae_rock_paper_scissors
Zot:4:    layout_onion_interference, nicolae_transporter_circle

Skill      XL: |  1  2  3  4  5  6  7  8  9 10 11 12 13 14 15 16 17 18 19 20 21 22 23 24 25 26 27 |
---------------+----------------------------------------------------------------------------------+-----
Axes           | 2 3 4 5 6 7 8 9 11 12 13 14 16 18 | 18.7
Fighting       | 4 5 6 7 8 9 10 11 12 13 15 17 18 20 22 23 25 26 27 | 27.0
Throwing       | 1 2 3 4 5 6 7 8 9 11 12 13 14 15 17 | 17.1
Armour         | 4 5 6 7 9 11 12 14 15 17 18 19 20 22 | 22.3
Dodging        | 1 3 4 6 7 8 9 10 12 | 12.0
Shields        | 4 5 6 7 11 13 15 16 17 18 21 22 | 22.0
Invocations    | 4 6 10 11 | 11.7

Action                     |  1- 3 |  4- 6 |  7- 9 | 10-12 | 13-15 | 16-18 | 19-21 | 22-24 | 25-27 || total
---------------------------+-------+-------+-------+-------+-------+-------+-------+-------+-------++-------
  Melee: War axe           |   109 |   165 |   254 |   299 |       |       |       |       |       ||   827
         Hand axe          |       |       |       |    22 |    31 |       |       |       |    37 ||    90
         Broad axe         |       |       |       |    85 |   909 |  1010 |  1024 |  1006 |  1920 ||  5954
         Flail             |       |       |       |       |    13 |     7 |       |       |       ||    20
  Throw: Javelin           |       |     7 |    45 |    52 |   138 |    99 |   100 |    78 |   215 ||   734
         Boomerang         |       |       |     3 |     7 |    41 |     5 |       |       |     1 ||    57
 Invoke: Heroism           |       |       |       |    20 |    32 |    44 |    19 |    42 |    32 ||   189
         Finesse           |       |       |       |     2 |     7 |     1 |     8 |     5 |     1 ||    24
    Use: Scroll            |     1 |     8 |     6 |    10 |     6 |     9 |     5 |     9 |     6 ||    60
         Potion            |       |     1 |     5 |     2 |     3 |     3 |     1 |     9 |    13 ||    37
   Stab: Invisible         |       |       |       |       |       |       |       |    16 |    10 ||    26
         Confused          |       |       |       |       |       |       |       |       |     5 ||     5
 Armour: Scale mail        |    65 |    36 |       |       |       |       |       |       |       ||   101
         Plate armour      |       |    62 |   143 |    90 |   274 |   529 |   441 |   494 |   479 ||  2512
         Chain mail        |       |       |       |   126 |   149 |       |       |       |       ||   275
  Dodge: Dodged            |    46 |    42 |    74 |   128 |   271 |   283 |   510 |   767 |   887 ||  3008
         Repelled          |       |       |       |       |     6 |    33 |    16 |    16 |       ||    71
  Block: Buckler           |    13 |    81 |   111 |   181 |   341 |       |       |       |       ||   727
         Reflection        |       |       |     2 |     4 |     6 |   159 |    99 |    36 |    19 ||   325
         Kite shield       |       |       |       |       |    63 |  1098 |  1093 |   423 |       ||  2677
         Tower shield      |       |       |       |       |       |       |       |   993 |  2005 ||  2998

Table legend:
 A = Non-vault XP
 B = Vault XP
 C = Vault XP percentage of total XP
 D = Non-vault monster count
 E = Vault monster count
 F = Vault count percentage of total count
                 A         B        C        D         E       F
            +---------+---------+-------+---------+---------+-------
      Total |  761589 |  605554 |  44.3 |    1438 |     808 |  36.0
            +---------+---------+-------+---------+---------+-------
        D:1 |      50 |       0 |   0.0 |      25 |       0 |   0.0
        D:2 |      35 |      78 |  69.0 |      20 |      16 |  44.4
        D:3 |      34 |       0 |   0.0 |       8 |       0 |   0.0
        D:4 |     176 |       0 |   0.0 |      21 |       0 |   0.0
        D:5 |     636 |     285 |  30.9 |      16 |       3 |  15.8
        D:6 |     480 |     822 |  63.1 |      16 |       8 |  33.3
        D:7 |    1354 |       4 |   0.3 |      23 |       2 |   8.0
        D:8 |     949 |     911 |  49.0 |      18 |       6 |  25.0
        D:9 |    2973 |    1721 |  36.7 |      32 |       2 |   5.9
       D:10 |    4140 |    2201 |  34.7 |      17 |      44 |  72.1
       D:11 |    3144 |    3970 |  55.8 |      10 |      19 |  65.5
       D:12 |    8546 |    1991 |  18.9 |      23 |       4 |  14.8
       D:13 |    7466 |    6553 |  46.7 |      23 |      22 |  48.9
       D:14 |   17156 |    6092 |  26.2 |      32 |       9 |  22.0
       D:15 |   13089 |    5654 |  30.2 |      33 |       8 |  19.5
     Lair:1 |    3559 |    1526 |  30.0 |      15 |       9 |  37.5
     Lair:2 |    2856 |    4781 |  62.6 |      12 |      13 |  52.0
     Lair:3 |    3348 |    3103 |  48.1 |       8 |       3 |  27.3
     Lair:4 |   11376 |    6160 |  35.1 |      32 |      27 |  45.8
     Lair:5 |   18119 |    7189 |  28.4 |      57 |      30 |  34.5
   Shoals:1 |   18552 |       0 |   0.0 |      34 |       0 |   0.0
   Shoals:2 |   13364 |    3636 |  21.4 |      27 |       5 |  15.6
   Shoals:3 |   12848 |   10686 |  45.4 |      26 |      15 |  36.6
   Shoals:4 |   26121 |   19777 |  43.1 |      53 |      32 |  37.6
    Snake:1 |   17448 |    1183 |   6.3 |      33 |       1 |   2.9
    Snake:2 |   10881 |    2858 |  20.8 |      21 |       2 |   8.7
    Snake:3 |   29778 |    3127 |   9.5 |      55 |       7 |  11.3
    Snake:4 |   22392 |   30519 |  57.7 |      45 |      43 |  48.9
    Slime:1 |    3440 |       0 |   0.0 |      10 |       0 |   0.0
    Slime:2 |   11776 |    7574 |  39.1 |      18 |       1 |   5.3
    Slime:3 |    8535 |       0 |   0.0 |      16 |       0 |   0.0
    Slime:4 |   11921 |    3984 |  25.0 |      25 |       3 |  10.7
    Slime:5 |    7412 |   25755 |  77.7 |      14 |      18 |  56.2
      Orc:1 |    2481 |       0 |   0.0 |      26 |       0 |   0.0
      Orc:2 |    2263 |    8301 |  78.6 |      19 |      25 |  56.8
   Vaults:1 |   25949 |   30785 |  54.3 |      36 |      34 |  48.6
   Vaults:2 |   26114 |    5519 |  17.4 |      38 |      12 |  24.0
   Vaults:3 |   25605 |   31912 |  55.5 |      35 |      45 |  56.2
   Vaults:4 |   18566 |   22337 |  54.6 |      33 |      26 |  44.1
   Vaults:5 |   16651 |   97652 |  85.4 |      24 |      90 |  78.9
    Crypt:1 |   34294 |   10537 |  23.5 |      57 |      20 |  26.0
    Crypt:2 |   28951 |   11640 |  28.7 |      44 |       4 |   8.3
    Crypt:3 |   33571 |   17336 |  34.1 |      43 |      21 |  32.8
     Tomb:1 |    5029 |   28448 |  85.0 |      19 |      34 |  64.2
     Tomb:2 |    8384 |   17400 |  67.5 |      19 |      18 |  48.6
   Depths:1 |   33351 |   10588 |  24.1 |      42 |      12 |  22.2
   Depths:2 |   21981 |   44570 |  67.0 |      21 |      29 |  58.0
   Depths:3 |   13019 |   36537 |  73.7 |      16 |      29 |  64.4
   Depths:4 |   18055 |   26915 |  59.9 |      14 |      26 |  65.0
      Zot:1 |   46029 |   27511 |  37.4 |      46 |      20 |  30.3
      Zot:2 |   28804 |    2383 |   7.6 |      24 |       1 |   4.0
      Zot:3 |   36939 |   13043 |  26.1 |      31 |      10 |  24.4
      Zot:4 |   41599 |       0 |   0.0 |      33 |       0 |   0.0
            +---------+---------+-------+---------+---------+-------
